Workbook

Sheet Chart of Accounts
A1: Account Number | B1: Account Name | C1: Account Type | D1: Normal Balance
A2: 1000 | B2: Cash - Operating | C2: Asset | D2: Debit
A3: 1010 | B3: Cash - Payroll | C3: Asset | D3: Debit
A4: 1020 | B4: Cash - Money Market/Reserve | C4: Asset | D4: Debit
A5: 1100 | B5: Accounts Receivable - License | C5: Asset | D5: Debit
A6: 1110 | B6: Accounts Receivable - Development | C6: Asset | D6: Debit
A7: 1150 | B7: Accrued Income - License | C7: Asset | D7: Debit
A8: 1160 | B8: Accrued Income - Development | C8: Asset | D8: Debit
A9: 1200 | B9: Prepaid Expenses | C9: Asset | D9: Debit
A10: 1300 | B10: Property and Equipment | C10: Asset | D10: Debit
A11: 1310 | B11: Accumulated Depreciation | C11: Asset | D11: Credit
A12: 1400 | B12: Software, Construction in Progress | C12: Asset | D12: Debit
A13: 1410 | B13: Capitalized Software | C13: Asset | D13: Debit
... A53: 5950 | B53: Miscellaneous Expense | C53: Expense | D53: Debit

Sheet Contract Master List
A1: Opportunity ID | B1: Contract Number | C1: Account Name | D1: Account Type | E1: Opportunity Name | F1: Stage | G1: Revenue Type | H1: Signed? | I1: Contract Amount | J1: Total Estimated Cost | K1: Probability (%) | L1: Close Date | M1: Contract Start Date | N1: Contract End Date | O1: Term (Months) | P1: Owner | Q1: Forecast Category | R1: Lead Source | S1: Next Step | T1: Created Date | U1: Last Modified Date | V1: Beginning Fiscal Year | W1: Ending Fiscal Year | X1: Revenue Type | Y1: Recognition Method | Z1: Billing Terms | AC1: Costs Incurred to Date | AD1: Amount Invoiced to Date | AE1: Revenue Recognized to Date | AF1: Deferred Revenue Balance | AG1: Accrued Income Balance | AH1: % Complete | AI1: Completion Basis | AJ1: Invoice Required? | AK1: Invoice Frequency | AL1: Last Invoice Date | AM1: Last Invoice Number | AN1: Last Invoice Amount | AO1: Payment Terms | AP1: Amount Paid to Date | AQ1: Unpaid Balance
A2: OPP-10027 | C2: Cook County Department of Public Health (IL) | D2: County Government | E2: EHR License - County Deployment | F2: Closed Lost | G2: New Business - License | H2: No | I2: 0 | K2: 0 | L2: 2023-11-27 | P2: R. Chen | Q2: Omitted | R2: Cold Outreach | S2: Lost to incumbent vendor | T2: 2023-08-21 | U2: 2023-11-27 | X2: License | Y2: N/A | Z2: N/A | AD2: 0 | AE2: 0 | AF2: 0 | AG2: 0 | AH2: N/A | AI2: N/A | AJ2: Yes | AK2: N/A | AN2: 0 | AO2: N/A | AP2: 0
A3: OPP-10029 | C3: Illinois Department of Public Health | D3: State Government | E3: EHR License - County Deployment | F3: Closed Lost | G3: New Business - License | H3: No | I3: 0 | K3: 0 | L3: 2023-11-29 | P3: K. Whitfield | Q3: Omitted | R3: Existing Customer | S3: Project deferred to next fiscal year | T3: 2023-07-18 | U3: 2023-11-29 | X3: License | Y3: N/A | Z3: N/A | AD3: 0 | AE3: 0 | AF3: 0 | AG3: 0 | AH3: N/A | AI3: N/A | AJ3: Yes | AK3: N/A | AN3: 0 | AO3: N/A | AP3: 0
A4: OPP-10028 | C4: Cook County Department of Public Health (IL) | D4: County Government | E4: EHR Platform License | F4: Closed Lost | G4: New Business - License | H4: No | I4: 0 | K4: 0 | L4: 2024-04-26 | P4: M. Torres | Q4: Omitted | R4: RFP Response | S4: Budget not approved | T4: 2023-12-01 | U4: 2024-04-26 | X4: License | Y4: N/A | Z4: N/A | AD4: 0 | AE4: 0 | AF4: 0 | AG4: 0 | AH4: N/A | AI4: N/A | AJ4: Yes | AK4: N/A | AN4: 0 | AO4: N/A | AP4: 0
A5: OPP-10030 | C5: Fulton County Board of Health (GA) | D5: County Government | E5: EHR Platform License | F5: Closed Lost | G5: New Business - License | H5: No | I5: 0 | K5: 0 | L5: 2024-01-21 | P5: K. Whitfield | Q5: Omitted | R5: Partner Referral | S5: Selected competing solution | T5: 2023-08-02 | U5: 2024-01-21 | X5: License | Y5: N/A | Z5: N/A | AD5: 0 | AE5: 0 | AF5: 0 | AG5: 0 | AH5: N/A | AI5: N/A | AJ5: Yes | AK5: N/A | AN5: 0 | AO5: N/A | AP5: 0
A6: OPP-10031 | C6: The California Endowment | D6: Foundation | E6: Social Determinants of Health Module - New Development | F6: Closed Lost | G6: New Business - Development | H6: No | I6: 0 | K6: 0 | L6: 2024-03-07 | P6: R. Chen | Q6: Omitted | R6: Conference Lead | S6: Project deferred to next fiscal year | T6: 2023-09-12 | U6: 2024-03-07 | X6: Development | Y6: N/A | Z6: N/A | AD6: 0 | AE6: 0 | AF6: 0 | AG6: 0 | AH6: N/A | AI6: N/A | AJ6: No | AK6: N/A | AN6: 0 | AO6: N/A | AP6: 0
A7: OPP-10032 | C7: Commonwealth Fund | D7: Foundation | E7: Behavioral Health Data Exchange - New Development | F7: Closed Lost | G7: New Business - Development | H7: No | I7: 0 | K7: 0 | L7: 2024-02-05 | P7: J. Alvarez | Q7: Omitted | R7: Existing Customer | S7: Selected competing solution | T7: 2023-09-20 | U7: 2024-02-05 | X7: Development | Y7: N/A | Z7: N/A | AD7: 0 | AE7: 0 | AF7: 0 | AG7: 0 | AH7: N/A | AI7: N/A | AJ7: No | AK7: N/A | AN7: 0 | AO7: N/A | AP7: 0
A8: OPP-10033 | C8: Robert Wood Johnson Foundation | D8: Foundation | E8: Opioid Surveillance Dashboard - New Development | F8: Closed Lost | G8: New Business - Development | H8: No | I8: 0 | K8: 0 | L8: 2024-02-10 | P8: S. Park | Q8: Omitted | R8: Referral | S8: Lost to incumbent vendor | T8: 2023-10-08 | U8: 2024-02-10 | X8: Development | Y8: N/A | Z8: N/A | AD8: 0 | AE8: 0 | AF8: 0 | AG8: 0 | AH8: N/A | AI8: N/A | AJ8: No | AK8: N/A | AN8: 0 | AO8: N/A | AP8: 0
A9: OPP-10061 | C9: Harris County Public Health (TX) | D9: County Government | E9: EHR Platform License | F9: Closed Lost | G9: New Business - License | H9: No | I9: 0 | K9: 0 | L9: 2024-11-20 | P9: R. Chen | Q9: Omitted | R9: Cold Outreach | S9: Lost to incumbent vendor | T9: 2024-08-07 | U9: 2024-11-20 | X9: License | Y9: N/A | Z9: N/A | AD9: 0 | AE9: 0 | AF9: 0 | AG9: 0 | AH9: N/A | AI9: N/A | AJ9: Yes | AK9: N/A | AN9: 0 | AO9: N/A | AP9: 0
A10: OPP-10063 | C10: Harris County Public Health (TX) | D10: County Government | E10: EHR License - Multi-Site Expansion | F10: Closed Lost | G10: New Business - License | H10: No | I10: 0 | K10: 0 | L10: 2024-08-01 | P10: S. Park | Q10: Omitted | R10: Partner Referral | S10: Project deferred to next fiscal year | T10: 2024-02-10 | U10: 2024-08-01 | X10: License | Y10: N/A | Z10: N/A | AD10: 0 | AE10: 0 | AF10: 0 | AG10: 0 | AH10: N/A | AI10: N/A | AJ10: Yes | AK10: N/A | AN10: 0 | AO10: N/A | AP10: 0
A11: OPP-10064 | C11: Colorado Department of Public Health and Environment | D11: State Government | E11: EHR License - Multi-Site Expansion | F11: Closed Lost | G11: New Business - License | H11: No | I11: 0 | K11: 0 | L11: 2024-10-30 | P11: S. Park | Q11: Omitted | R11: Cold Outreach | S11: Budget not approved | T11: 2024-06-07 | U11: 2024-10-30 | X11: License | Y11: N/A | Z11: N/A | AD11: 0 | AE11: 0 | AF11: 0 | AG11: 0 | AH11: N/A | AI11: N/A | AJ11: Yes | AK11: N/A | AN11: 0 | AO11: N/A | AP11: 0
A12: OPP-10065 | C12: Maricopa County Department of Public Health (AZ) | D12: County Government | E12: EHR License - County Deployment | F12: Closed Lost | G12: New Business - License | H12: No | I12: 0 | K12: 0 | L12: 2024-10-21 | P12: K. Whitfield | Q12: Omitted | R12: Referral | S12: Project deferred to next fiscal year | T12: 2024-08-21 | U12: 2024-10-21 | X12: License | Y12: N/A | Z12: N/A | AD12: 0 | AE12: 0 | AF12: 0 | AG12: 0 | AH12: N/A | AI12: N/A | AJ12: Yes | AK12: N/A | AN12: 0 | AO12: N/A | AP12: 0
A13: OPP-10067 | C13: Commonwealth Fund | D13: Foundation | E13: School Health Records Integration - New Development | F13: Closed Lost | G13: New Business - Development | H13: No | I13: 0 | K13: 0 | L13: 2024-10-26 | P13: M. Torres | Q13: Omitted | R13: Referral | S13: Budget not approved | T13: 2024-07-10 | U13: 2024-10-26 | X13: Development | Y13: N/A | Z13: N/A | AD13: 0 | AE13: 0 | AF13: 0 | AG13: 0 | AH13: N/A | AI13: N/A | AJ13: No | AK13: N/A | AN13: 0 | AO13: N/A | AP13: 0
... A27: OPP-10104 | C27: Susan and Michael Dell Foundation | D27: Foundation | E27: School Health Records Integration - New Development | F27: Closed Lost | G27: New Business - Development | H27: No | I27: 0 | K27: 0 | L27: 2025-08-30 | P27: J. Alvarez | Q27: Omitted | R27: Existing Relationship | S27: Lost to incumbent vendor | T27: 2025-06-30 | U27: 2025-08-30 | X27: Development | Y27: N/A | Z27: N/A | AD27: 0 | AE27: 0 | AF27: 0 | AG27: 0 | AH27: N/A | AI27: N/A | AJ27: No | AK27: N/A | AN27: 0 | AO27: N/A | AP27: 0
A28: OPP-10123 | C28: Susan and Michael Dell Foundation | D28: Foundation | E28: Community Health Worker Mobile App - New Development | F28: Proposal/Price Quote | G28: New Business - Development | H28: No | I28: 150000 | K28: 50 | L28: 2026-02-23 | M28: 2026-03-01 | N28: 2027-03-31 | O28: =DATEDIF(M28,N28,"m") -> 12 | P28: R. Chen | Q28: Pipeline | R28: Referral | S28: Send updated pricing proposal | T28: 2025-09-29 | U28: 2025-11-16 | V28: ="FY"&YEAR(M28) -> FY2026 | W28: ="FY"&YEAR(N28) -> FY2027 | X28: Development | Y28: Percentage of Completion | AD28: 0 | AE28: 0 | AF28: 0 | AG28: 0 | AH28: 0 | AI28: Cost-to-Cost | AJ28: No | AK28: Draw Request | AN28: 0 | AO28: Per Grant Agreement | AP28: 0
A29: OPP-10124 | C29: The California Endowment | D29: Foundation | E29: School Health Records Integration - New Development | F29: Proposal/Price Quote | G29: New Business - Development | H29: No | I29: 220000 | K29: 49 | L29: 2026-03-17 | M29: 2026-04-01 | N29: 2027-04-30 | O29: =DATEDIF(M29,N29,"m") -> 12 | P29: M. Torres | Q29: Pipeline | R29: RFP Response | S29: Send updated pricing proposal | T29: 2025-06-08 | U29: 2025-11-15 | V29: ="FY"&YEAR(M29) -> FY2026 | W29: ="FY"&YEAR(N29) -> FY2027 | X29: Development | Y29: Percentage of Completion | AD29: 0 | AE29: 0 | AF29: 0 | AG29: 0 | AH29: 0 | AI29: Cost-to-Cost | AJ29: No | AK29: Draw Request | AN29: 0 | AO29: Per Grant Agreement | AP29: 0
A30: OPP-10109 | C30: Robert Wood Johnson Foundation | D30: Foundation | E30: Maternal Health Registry - New Development | F30: Proposal/Price Quote | G30: New Business - Development | H30: No | I30: 95000 | K30: 58 | L30: 2026-02-25 | M30: 2026-03-01 | N30: 2027-09-30 | O30: =DATEDIF(M30,N30,"m") -> 18 | P30: R. Chen | Q30: Pipeline | R30: Partner Referral | S30: Send updated pricing proposal | T30: 2025-08-24 | U30: 2025-11-24 | V30: ="FY"&YEAR(M30) -> FY2026 | W30: ="FY"&YEAR(N30) -> FY2027 | X30: Development | Y30: Percentage of Completion | AD30: 0 | AE30: 0 | AF30: 0 | AG30: 0 | AH30: 0 | AI30: Cost-to-Cost | AJ30: No | AK30: Draw Request | AN30: 0 | AO30: Per Grant Agreement | AP30: 0
A31: OPP-10125 | C31: Susan and Michael Dell Foundation | D31: Foundation | E31: Behavioral Health Data Exchange - New Development | F31: Proposal/Price Quote | G31: New Business - Development | H31: No | I31: 150000 | K31: 60 | L31: 2026-05-21 | M31: 2026-06-01 | N31: 2027-12-31 | O31: =DATEDIF(M31,N31,"m") -> 18 | P31: M. Torres | Q31: Pipeline | R31: RFP Response | S31: Send updated pricing proposal | T31: 2025-10-29 | U31: 2025-11-18 | V31: ="FY"&YEAR(M31) -> FY2026 | W31: ="FY"&YEAR(N31) -> FY2027 | X31: Development | Y31: Percentage of Completion | AD31: 0 | AE31: 0 | AF31: 0 | AG31: 0 | AH31: 0 | AI31: Cost-to-Cost | AJ31: No | AK31: Draw Request | AN31: 0 | AO31: Per Grant Agreement | AP31: 0
A32: OPP-10106 | C32: Maricopa County Department of Public Health (AZ) | D32: County Government | E32: EHR License - County Deployment | F32: Qualification | G32: New Business - License | H32: No | I32: 1200000 | K32: 26 | L32: 2026-01-13 | M32: 2026-02-01 | N32: 2028-02-29 | O32: =DATEDIF(M32,N32,"m") -> 24 | P32: K. Whitfield | Q32: Pipeline | R32: Existing Relationship | S32: Schedule technical scoping call | T32: 2025-07-13 | U32: 2025-11-10 | V32: ="FY"&YEAR(M32) -> FY2026 | W32: ="FY"&YEAR(N32) -> FY2028 | X32: License | Y32: Ratable - Straight Line | AD32: 0 | AE32: 0 | AF32: 0 | AG32: 0 | AH32: N/A | AI32: N/A | AJ32: Yes | AN32: 0 | AO32: Net 45 | AP32: 0
A33: OPP-10107 | C33: Maricopa County Department of Public Health (AZ) | D33: County Government | E33: EHR Platform License - Statewide Rollout | F33: Negotiation/Review | G33: New Business - License | H33: No | I33: 1200000 | K33: 83 | L33: 2026-01-20 | M33: 2026-02-01 | N33: 2028-02-29 | O33: =DATEDIF(M33,N33,"m") -> 24 | P33: J. Alvarez | Q33: Best Case | R33: Cold Outreach | S33: Legal reviewing final contract redlines | T33: 2025-08-10 | U33: 2025-11-18 | V33: ="FY"&YEAR(M33) -> FY2026 | W33: ="FY"&YEAR(N33) -> FY2028 | X33: License | Y33: Ratable - Straight Line | AD33: 0 | AE33: 0 | AF33: 0 | AG33: 0 | AH33: N/A | AI33: N/A | AJ33: Yes | AN33: 0 | AO33: Net 45 | AP33: 0
A34: OPP-10121 | C34: The California Endowment | D34: Foundation | E34: Social Determinants of Health Module - New Development | F34: Negotiation/Review | G34: New Business - Development | H34: No | I34: 95000 | K34: 78 | L34: 2026-03-13 | M34: 2026-04-01 | N34: 2028-04-30 | O34: =DATEDIF(M34,N34,"m") -> 24 | P34: S. Park | Q34: Best Case | R34: RFP Response | S34: Legal reviewing final contract redlines | T34: 2025-07-10 | U34: 2025-11-26 | V34: ="FY"&YEAR(M34) -> FY2026 | W34: ="FY"&YEAR(N34) -> FY2028 | X34: Development | Y34: Percentage of Completion | AD34: 0 | AE34: 0 | AF34: 0 | AG34: 0 | AH34: 0 | AI34: Cost-to-Cost | AJ34: No | AK34: Draw Request | AN34: 0 | AO34: Per Grant Agreement | AP34: 0
A35: OPP-10112 | C35: Colorado Department of Public Health and Environment | D35: State Government | E35: EHR License Renewal | F35: Qualification | G35: New Business - License | H35: No | I35: 850000 | K35: 25 | L35: 2026-05-06 | M35: 2026-06-01 | N35: 2028-06-30 | O35: =DATEDIF(M35,N35,"m") -> 24 | P35: M. Torres | Q35: Pipeline | R35: Conference Lead | S35: Schedule technical scoping call | T35: 2025-07-09 | U35: 2025-11-19 | V35: ="FY"&YEAR(M35) -> FY2026 | W35: ="FY"&YEAR(N35) -> FY2028 | X35: License | Y35: Ratable - Straight Line | AD35: 0 | AE35: 0 | AF35: 0 | AG35: 0 | AH35: N/A | AI35: N/A | AJ35: Yes | AN35: 0 | AO35: Net 45 | AP35: 0
A36: OPP-10108 | C36: Ohio Department of Health | D36: State Government | E36: EHR License - Multi-Site Expansion | F36: Qualification | G36: New Business - License | H36: No | I36: 275000 | K36: 36 | L36: 2025-12-24 | M36: 2026-01-01 | N36: 2029-01-31 | O36: =DATEDIF(M36,N36,"m") -> 36 | P36: R. Chen | Q36: Pipeline | R36: Referral | S36: Schedule technical scoping call | T36: 2025-08-30 | U36: 2025-11-27 | V36: ="FY"&YEAR(M36) -> FY2026 | W36: ="FY"&YEAR(N36) -> FY2029 | X36: License | Y36: Ratable - Straight Line | AD36: 0 | AE36: 0 | AF36: 0 | AG36: 0 | AH36: N/A | AI36: N/A | AJ36: Yes | AN36: 0 | AO36: Net 45 | AP36: 0
A37: OPP-10117 | C37: Robert Wood Johnson Foundation | D37: Foundation | E37: EHR Interoperability Module - New Development | F37: Proposal/Price Quote | G37: New Business - Development | H37: No | I37: 580000 | K37: 61 | L37: 2026-01-28 | M37: 2026-02-01 | N37: 2029-02-28 | O37: =DATEDIF(M37,N37,"m") -> 36 | P37: S. Park | Q37: Pipeline | R37: Partner Referral | S37: Send updated pricing proposal | T37: 2025-08-21 | U37: 2025-11-09 | V37: ="FY"&YEAR(M37) -> FY2026 | W37: ="FY"&YEAR(N37) -> FY2029 | X37: Development | Y37: Percentage of Completion | AD37: 0 | AE37: 0 | AF37: 0 | AG37: 0 | AH37: 0 | AI37: Cost-to-Cost | AJ37: No | AK37: Draw Request | AN37: 0 | AO37: Per Grant Agreement | AP37: 0
A38: OPP-10110 | C38: Harris County Public Health (TX) | D38: County Government | E38: EHR Platform License - Statewide Rollout | F38: Negotiation/Review | G38: New Business - License | H38: No | I38: 210000 | K38: 90 | L38: 2026-02-08 | M38: 2026-03-01 | N38: 2029-03-31 | O38: =DATEDIF(M38,N38,"m") -> 36 | P38: R. Chen | Q38: Best Case | R38: Existing Relationship | S38: Legal reviewing final contract redlines | T38: 2025-09-16 | U38: 2025-11-23 | V38: ="FY"&YEAR(M38) -> FY2026 | W38: ="FY"&YEAR(N38) -> FY2029 | X38: License | Y38: Ratable - Straight Line | AD38: 0 | AE38: 0 | AF38: 0 | AG38: 0 | AH38: N/A | AI38: N/A | AJ38: Yes | AN38: 0 | AO38: Net 45 | AP38: 0
A39: OPP-10126 | C39: Maricopa County Department of Public Health (AZ) | D39: County Government | E39: EHR License - Multi-Site Expansion | F39: Qualification | G39: New Business - License | H39: No | I39: 2100000 | K39: 25 | L39: 2026-02-08 | M39: 2026-03-01 | N39: 2029-03-31 | O39: =DATEDIF(M39,N39,"m") -> 36 | P39: K. Whitfield | Q39: Pipeline | R39: Referral | S39: Schedule technical scoping call | T39: 2025-07-07 | U39: 2025-11-11 | V39: ="FY"&YEAR(M39) -> FY2026 | W39: ="FY"&YEAR(N39) -> FY2029 | X39: License | Y39: Ratable - Straight Line | AD39: 0 | AE39: 0 | AF39: 0 | AG39: 0 | AH39: N/A | AI39: N/A | AJ39: Yes | AN39: 0 | AO39: Net 45 | AP39: 0
A40: OPP-10119 | C40: Fulton County Board of Health (GA) | D40: County Government | E40: EHR Platform License | F40: Proposal/Price Quote | G40: New Business - License | H40: No | I40: 2100000 | K40: 57 | L40: 2026-03-25 | M40: 2026-04-01 | N40: 2029-04-30 | O40: =DATEDIF(M40,N40,"m") -> 36 | P40: J. Alvarez | Q40: Pipeline | R40: Existing Customer | S40: Send updated pricing proposal | T40: 2025-10-27 | U40: 2025-11-21 | V40: ="FY"&YEAR(M40) -> FY2026 | W40: ="FY"&YEAR(N40) -> FY2029 | X40: License | Y40: Ratable - Straight Line | AD40: 0 | AE40: 0 | AF40: 0 | AG40: 0 | AH40: N/A | AI40: N/A | AJ40: Yes | AN40: 0 | AO40: Net 45 | AP40: 0
A41: OPP-10105 | C41: Susan and Michael Dell Foundation | D41: Foundation | E41: Immunization Tracking Extension - New Development | F41: Proposal/Price Quote | G41: New Business - Development | H41: No | I41: 580000 | K41: 57 | L41: 2026-04-06 | M41: 2026-05-01 | N41: 2029-05-31 | O41: =DATEDIF(M41,N41,"m") -> 36 | P41: M. Torres | Q41: Pipeline | R41: Existing Relationship | S41: Send updated pricing proposal | T41: 2025-08-18 | U41: 2025-11-18 | V41: ="FY"&YEAR(M41) -> FY2026 | W41: ="FY"&YEAR(N41) -> FY2029 | X41: Development | Y41: Percentage of Completion | AD41: 0 | AE41: 0 | AF41: 0 | AG41: 0 | AH41: 0 | AI41: Cost-to-Cost | AJ41: No | AK41: Draw Request | AN41: 0 | AO41: Per Grant Agreement | AP41: 0
A42: OPP-10122 | C42: Illinois Department of Public Health | D42: State Government | E42: EHR Platform License - Regional Deployment | F42: Proposal/Price Quote | G42: New Business - License | H42: No | I42: 275000 | K42: 57 | L42: 2026-05-04 | M42: 2026-06-01 | N42: 2029-06-30 | O42: =DATEDIF(M42,N42,"m") -> 36 | P42: M. Torres | Q42: Pipeline | R42: RFP Response | S42: Send updated pricing proposal | T42: 2025-10-27 | U42: 2025-11-19 | V42: ="FY"&YEAR(M42) -> FY2026 | W42: ="FY"&YEAR(N42) -> FY2029 | X42: License | Y42: Ratable - Straight Line | AD42: 0 | AE42: 0 | AF42: 0 | AG42: 0 | AH42: N/A | AI42: N/A | AJ42: Yes | AN42: 0 | AO42: Net 45 | AP42: 0
A43: OPP-10118 | C43: Denver Public Health (CO) | D43: County Government | E43: EHR Platform License - Regional Deployment | F43: Qualification | G43: New Business - License | H43: No | I43: 850000 | K43: 24 | L43: 2026-01-03 | M43: 2026-02-01 | N43: 2030-02-28 | O43: =DATEDIF(M43,N43,"m") -> 48 | P43: M. Torres | Q43: Pipeline | R43: Partner Referral | S43: Schedule technical scoping call | T43: 2025-08-30 | U43: 2025-11-10 | V43: ="FY"&YEAR(M43) -> FY2026 | W43: ="FY"&YEAR(N43) -> FY2030 | X43: License | Y43: Ratable - Straight Line | AD43: 0 | AE43: 0 | AF43: 0 | AG43: 0 | AH43: N/A | AI43: N/A | AJ43: Yes | AN43: 0 | AO43: Net 45 | AP43: 0
A44: OPP-10115 | C44: Franklin County Department of Health (OH) | D44: County Government | E44: EHR Platform License | F44: Qualification | G44: New Business - License | H44: No | I44: 210000 | K44: 30 | L44: 2026-02-28 | M44: 2026-03-01 | N44: 2030-03-31 | O44: =DATEDIF(M44,N44,"m") -> 48 | P44: J. Alvarez | Q44: Pipeline | R44: Partner Referral | S44: Schedule technical scoping call | T44: 2025-07-05 | U44: 2025-11-09 | V44: ="FY"&YEAR(M44) -> FY2026 | W44: ="FY"&YEAR(N44) -> FY2030 | X44: License | Y44: Ratable - Straight Line | AD44: 0 | AE44: 0 | AF44: 0 | AG44: 0 | AH44: N/A | AI44: N/A | AJ44: Yes | AN44: 0 | AO44: Net 45 | AP44: 0
A45: OPP-10114 | C45: Arizona Department of Health Services | D45: State Government | E45: EHR License Renewal | F45: Qualification | G45: New Business - License | H45: No | I45: 210000 | K45: 25 | L45: 2025-12-20 | M45: 2026-01-01 | N45: 2031-01-31 | O45: =DATEDIF(M45,N45,"m") -> 60 | P45: R. Chen | Q45: Pipeline | R45: Conference Lead | S45: Schedule technical scoping call | T45: 2025-07-01 | U45: 2025-11-27 | V45: ="FY"&YEAR(M45) -> FY2026 | W45: ="FY"&YEAR(N45) -> FY2031 | X45: License | Y45: Ratable - Straight Line | AD45: 0 | AE45: 0 | AF45: 0 | AG45: 0 | AH45: N/A | AI45: N/A | AJ45: Yes | AN45: 0 | AO45: Net 45 | AP45: 0
A46: OPP-10116 | C46: Harris County Public Health (TX) | D46: County Government | E46: EHR Platform License - Statewide Rollout | F46: Proposal/Price Quote | G46: New Business - License | H46: No | I46: 320000 | K46: 55 | L46: 2025-12-31 | M46: 2026-01-01 | N46: 2031-01-31 | O46: =DATEDIF(M46,N46,"m") -> 60 | P46: J. Alvarez | Q46: Pipeline | R46: Referral | S46: Send updated pricing proposal | T46: 2025-10-09 | U46: 2025-11-21 | V46: ="FY"&YEAR(M46) -> FY2026 | W46: ="FY"&YEAR(N46) -> FY2031 | X46: License | Y46: Ratable - Straight Line | AD46: 0 | AE46: 0 | AF46: 0 | AG46: 0 | AH46: N/A | AI46: N/A | AJ46: Yes | AN46: 0 | AO46: Net 45 | AP46: 0
A47: OPP-10111 | C47: Harris County Public Health (TX) | D47: County Government | E47: EHR Platform License - Regional Deployment | F47: Qualification | G47: New Business - License | H47: No | I47: 850000 | K47: 34 | L47: 2026-02-15 | M47: 2026-03-01 | N47: 2031-03-31 | O47: =DATEDIF(M47,N47,"m") -> 60 | P47: J. Alvarez | Q47: Pipeline | R47: Partner Referral | S47: Schedule technical scoping call | T47: 2025-09-10 | U47: 2025-11-13 | V47: ="FY"&YEAR(M47) -> FY2026 | W47: ="FY"&YEAR(N47) -> FY2031 | X47: License | Y47: Ratable - Straight Line | AD47: 0 | AE47: 0 | AF47: 0 | AG47: 0 | AH47: N/A | AI47: N/A | AJ47: Yes | AN47: 0 | AO47: Net 45 | AP47: 0
A48: OPP-10113 | C48: Illinois Department of Public Health | D48: State Government | E48: EHR License - Multi-Site Expansion | F48: Qualification | G48: New Business - License | H48: No | I48: 210000 | K48: 38 | L48: 2026-03-27 | M48: 2026-04-01 | N48: 2031-04-30 | O48: =DATEDIF(M48,N48,"m") -> 60 | P48: K. Whitfield | Q48: Pipeline | R48: Partner Referral | S48: Schedule technical scoping call | T48: 2025-06-13 | U48: 2025-11-27 | V48: ="FY"&YEAR(M48) -> FY2026 | W48: ="FY"&YEAR(N48) -> FY2031 | X48: License | Y48: Ratable - Straight Line | AD48: 0 | AE48: 0 | AF48: 0 | AG48: 0 | AH48: N/A | AI48: N/A | AJ48: Yes | AN48: 0 | AO48: Net 45 | AP48: 0
A49: OPP-10120 | C49: Georgia Department of Public Health | D49: State Government | E49: EHR Platform License - Regional Deployment | F49: Negotiation/Review | G49: New Business - License | H49: No | I49: 850000 | K49: 76 | L49: 2026-03-16 | M49: 2026-04-01 | N49: 2031-04-30 | O49: =DATEDIF(M49,N49,"m") -> 60 | P49: K. Whitfield | Q49: Best Case | R49: Existing Relationship | S49: Legal reviewing final contract redlines | T49: 2025-08-09 | U49: 2025-11-13 | V49: ="FY"&YEAR(M49) -> FY2026 | W49: ="FY"&YEAR(N49) -> FY2031 | X49: License | Y49: Ratable - Straight Line | AD49: 0 | AE49: 0 | AF49: 0 | AG49: 0 | AH49: N/A | AI49: N/A | AJ49: Yes | AN49: 0 | AO49: Net 45 | AP49: 0
A50: OPP-10023 | B50: GRT-2024-2172 | C50: Susan and Michael Dell Foundation | D50: Foundation | E50: Maternal Health Registry - New Development | F50: Closed Won | G50: Expansion - Grant | H50: Yes | I50: 850000 | J50: 591964.01 | K50: 100 | L50: 2023-08-05 | M50: 2023-09-01 | N50: 2024-09-30 | O50: =DATEDIF(M50,N50,"m") -> 12 | P50: R. Chen | Q50: Closed | R50: Existing Customer | T50: 2023-03-03 | U50: 2023-08-05 | V50: ="FY"&YEAR(M50) -> FY2023 | W50: ="FY"&YEAR(N50) -> FY2024 | X50: Development | Y50: Percentage of Completion | Z50: Billed per milestone completion | AC50: 591964.01 | AD50: 850000 | AE50: 850000 | AF50: 0 | AG50: 0 | AH50: 100 | AI50: Cost-to-Cost | AJ50: No | AK50: Draw Request | AN50: 0 | AO50: Per Grant Agreement | AP50: 850000 | AQ50: =AD50-AP50 -> 0
A51: OPP-10018 | B51: GRT-2024-1802 | C51: Kresge Foundation | D51: Foundation | E51: Immunization Tracking Extension - New Development | F51: Closed Won | G51: New Business - Grant | H51: Yes | I51: 220000 | J51: 155457.3 | K51: 100 | L51: 2023-08-22 | M51: 2023-09-01 | N51: 2025-03-31 | O51: =DATEDIF(M51,N51,"m") -> 18 | P51: S. Park | Q51: Closed | R51: Referral | T51: 2023-04-08 | U51: 2023-08-22 | V51: ="FY"&YEAR(M51) -> FY2023 | W51: ="FY"&YEAR(N51) -> FY2025 | X51: Development | Y51: Percentage of Completion | Z51: Billed per milestone completion | AC51: 155457.3 | AD51: 220000 | AE51: 220000 | AF51: 0 | AG51: 0 | AH51: 100 | AI51: Cost-to-Cost | AJ51: No | AK51: Draw Request | AN51: 0 | AO51: Per Grant Agreement | AP51: 220000 | AQ51: =AD51-AP51 -> 0
A52: OPP-10007 | B52: LIC-FC-2024-140 | C52: Franklin County Department of Health (OH) | D52: County Government | E52: EHR License - Multi-Site Expansion | F52: Closed Won | G52: Renewal - License | H52: Yes | I52: 185000 | K52: 100 | L52: 2023-07-07 | M52: 2023-08-01 | N52: 2025-08-31 | O52: =DATEDIF(M52,N52,"m") -> 24 | P52: K. Whitfield | Q52: Closed | R52: Referral | T52: 2023-02-17 | U52: 2023-07-07 | V52: ="FY"&YEAR(M52) -> FY2023 | W52: ="FY"&YEAR(N52) -> FY2025 | X52: License | Y52: Ratable - Straight Line | Z52: Semi-Annual in Advance | AD52: 185000 | AE52: 185000 | AF52: 0 | AG52: 0 | AH52: N/A | AI52: N/A | AJ52: Yes | AK52: Semi-Annual | AL52: 2025-02-07 | AM52: INV-1007 | AN52: 46250 | AO52: Net 45 | AP52: 185000 | AQ52: =AD52-AP52 -> 0
A53: OPP-10014 | B53: LIC-TH-2024-774 | C53: Texas Health and Human Services Commission | D53: State Government | E53: EHR Platform License | F53: Closed Won | G53: New Business - License | H53: Yes | I53: 275000 | K53: 100 | L53: 2023-07-19 | M53: 2023-08-01 | N53: 2025-08-31 | O53: =DATEDIF(M53,N53,"m") -> 24 | P53: J. Alvarez | Q53: Closed | R53: Partner Referral | T53: 2023-05-09 | U53: 2023-07-19 | V53: ="FY"&YEAR(M53) -> FY2023 | W53: ="FY"&YEAR(N53) -> FY2025 | X53: License | Y53: Ratable - Straight Line | Z53: Annual in Advance | AD53: 275000 | AE53: 275000 | AF53: 0 | AG53: 0 | AH53: N/A | AI53: N/A | AJ53: Yes | AK53: Annual | AL53: 2024-08-19 | AM53: INV-1014 | AN53: 137500 | AO53: Net 45 | AP53: 275000 | AQ53: =AD53-AP53 -> 0
A54: OPP-10021 | B54: GRT-2024-7630 | C54: Susan and Michael Dell Foundation | D54: Foundation | E54: School Health Records Integration - New Development | F54: Closed Won | G54: New Business - Grant | H54: Yes | I54: 220000 | J54: 158330.34 | K54: 100 | L54: 2023-07-25 | M54: 2023-08-01 | N54: 2025-08-31 | O54: =DATEDIF(M54,N54,"m") -> 24 | P54: K. Whitfield | Q54: Closed | R54: Referral | T54: 2023-02-22 | U54: 2023-07-25 | V54: ="FY"&YEAR(M54) -> FY2023 | W54: ="FY"&YEAR(N54) -> FY2025 | X54: Development | Y54: Percentage of Completion | Z54: Billed per milestone completion | AC54: 158330.34 | AD54: 220000 | AE54: 220000 | AF54: 0 | AG54: 0 | AH54: 100 | AI54: Cost-to-Cost | AJ54: No | AK54: Draw Request | AN54: 0 | AO54: Per Grant Agreement | AP54: 220000 | AQ54: =AD54-AP54 -> 0
A55: OPP-10022 | B55: GRT-2024-5287 | C55: Susan and Michael Dell Foundation | D55: Foundation | E55: Behavioral Health Data Exchange - New Development | F55: Closed Won | G55: New Business - Grant | H55: Yes | I55: 220000 | J55: 141817.21 | K55: 100 | L55: 2023-07-17 | M55: 2023-08-01 | N55: 2025-08-31 | O55: =DATEDIF(M55,N55,"m") -> 24 | P55: S. Park | Q55: Closed | R55: Cold Outreach | T55: 2023-04-14 | U55: 2023-07-17 | V55: ="FY"&YEAR(M55) -> FY2023 | W55: ="FY"&YEAR(N55) -> FY2025 | X55: Development | Y55: Percentage of Completion | Z55: Billed per milestone completion | AC55: 141817.21 | AD55: 220000 | AE55: 220000 | AF55: 0 | AG55: 0 | AH55: 100 | AI55: Cost-to-Cost | AJ55: No | AK55: Draw Request | AN55: 0 | AO55: Per Grant Agreement | AP55: 220000 | AQ55: =AD55-AP55 -> 0
A56: OPP-10009 | B56: LIC-DP-2024-689 | C56: Denver Public Health (CO) | D56: County Government | E56: EHR Platform License | F56: Closed Won | G56: New Business - License | H56: Yes | I56: 1200000 | K56: 100 | L56: 2023-08-17 | M56: 2023-09-01 | N56: 2025-09-30 | O56: =DATEDIF(M56,N56,"m") -> 24 | P56: K. Whitfield | Q56: Closed | R56: Existing Relationship | T56: 2023-04-26 | U56: 2023-08-17 | V56: ="FY"&YEAR(M56) -> FY2023 | W56: ="FY"&YEAR(N56) -> FY2025 | X56: License | Y56: Ratable - Straight Line | Z56: Quarterly in Advance | AD56: 1200000 | AE56: 1200000 | AF56: 0 | AG56: 0 | AH56: N/A | AI56: N/A | AJ56: Yes | AK56: Quarterly | AL56: 2025-06-17 | AM56: INV-1009 | AN56: 150000 | AO56: Net 45 | AP56: 1200000 | AQ56: =AD56-AP56 -> 0
A57: OPP-10015 | B57: LIC-FC-2024-998 | C57: Franklin County Department of Health (OH) | D57: County Government | E57: EHR License - County Deployment | F57: Closed Won | G57: Renewal - License | H57: Yes | I57: 850000 | K57: 100 | L57: 2023-09-23 | M57: 2023-10-01 | N57: 2025-10-31 | O57: =DATEDIF(M57,N57,"m") -> 24 | P57: R. Chen | Q57: Closed | R57: Partner Referral | T57: 2023-05-28 | U57: 2023-09-23 | V57: ="FY"&YEAR(M57) -> FY2023 | W57: ="FY"&YEAR(N57) -> FY2025 | X57: License | Y57: Ratable - Straight Line | Z57: Quarterly in Advance | AD57: 850000 | AE57: 850000 | AF57: 0 | AG57: 0 | AH57: N/A | AI57: N/A | AJ57: Yes | AK57: Quarterly | AL57: 2025-07-23 | AM57: INV-1015 | AN57: 106250 | AO57: Net 45 | AP57: 850000 | AQ57: =AD57-AP57 -> 0
A58: OPP-10019 | B58: GRT-2024-3636 | C58: Kresge Foundation | D58: Foundation | E58: Community Health Worker Mobile App - New Development | F58: Closed Won | G58: New Business - Grant | H58: Yes | I58: 220000 | J58: 152216.29 | K58: 100 | L58: 2024-04-26 | M58: 2024-05-01 | N58: 2025-05-31 | O58: =DATEDIF(M58,N58,"m") -> 12 | P58: S. Park | Q58: Closed | R58: Cold Outreach | T58: 2023-12-24 | U58: 2024-04-26 | V58: ="FY"&YEAR(M58) -> FY2024 | W58: ="FY"&YEAR(N58) -> FY2025 | X58: Development | Y58: Percentage of Completion | Z58: Billed per milestone completion | AC58: 152216.29 | AD58: 220000 | AE58: 220000 | AF58: =IF(AD58-AE58>0,AD58-AE58,0) -> 0 | AG58: =IF(AD58-AE58<0,ABS(AD58-AE58),0) -> 0 | AH58: 100 | AI58: Cost-to-Cost | AJ58: No | AK58: Draw Request | AN58: 0 | AO58: Per Grant Agreement | AP58: 220000 | AQ58: =AD58-AP58 -> 0
A59: OPP-10051 | B59: GRT-2025-2752 | C59: The California Endowment | D59: Foundation | E59: Community Health Worker Mobile App - New Development | F59: Closed Won | G59: Expansion - Grant | H59: Yes | I59: 420000 | J59: 291931.94 | K59: 100 | L59: 2024-09-05 | M59: 2024-10-01 | N59: 2025-10-31 | O59: =DATEDIF(M59,N59,"m") -> 12 | P59: R. Chen | Q59: Closed | R59: Cold Outreach | T59: 2024-02-25 | U59: 2024-09-05 | V59: ="FY"&YEAR(M59) -> FY2024 | W59: ="FY"&YEAR(N59) -> FY2025 | X59: Development | Y59: Percentage of Completion | Z59: Billed per milestone completion | AC59: 291931.94 | AD59: 420000 | AE59: 420000 | AF59: =IF(AD59-AE59>0,AD59-AE59,0) -> 0 | AG59: =IF(AD59-AE59<0,ABS(AD59-AE59),0) -> 0 | AH59: 100 | AI59: Cost-to-Cost | AJ59: No | AK59: Draw Request | AN59: 0 | AO59: Per Grant Agreement | AP59: 420000 | AQ59: =AD59-AP59 -> 0
A60: OPP-10026 | B60: GRT-2024-3590 | C60: Robert Wood Johnson Foundation | D60: Foundation | E60: Community Health Worker Mobile App - New Development | F60: Closed Won | G60: New Business - Grant | H60: Yes | I60: 420000 | J60: 274842.5 | K60: 100 | L60: 2024-05-25 | M60: 2024-06-01 | N60: 2025-12-31 | O60: =DATEDIF(M60,N60,"m") -> 18 | P60: M. Torres | Q60: Closed | R60: Existing Customer | T60: 2024-01-28 | U60: 2024-05-25 | V60: ="FY"&YEAR(M60) -> FY2024 | W60: ="FY"&YEAR(N60) -> FY2025 | X60: Development | Y60: Percentage of Completion | Z60: Billed per milestone completion | AC60: 253624.66 | AD60: 210000 | AE60: 387576 | AF60: =IF(AD60-AE60>0,AD60-AE60,0) -> 0 | AG60: =IF(AD60-AE60<0,ABS(AD60-AE60),0) -> 177576 | AH60: 93.28 | AI60: Cost-to-Cost | AJ60: No | AK60: Draw Request | AN60: 0 | AO60: Per Grant Agreement | AP60: 210000 | AQ60: =AD60-AP60 -> 0
A61: OPP-10001 | B61: LIC-OD-2024-669 | C61: Ohio Department of Health | D61: State Government | E61: EHR License - Multi-Site Expansion | F61: Closed Won | G61: New Business - License | H61: Yes | I61: 1200000 | K61: 100 | L61: 2023-08-28 | M61: 2023-09-01 | N61: 2026-09-30 | O61: =DATEDIF(M61,N61,"m") -> 36 | P61: M. Torres | Q61: Closed | R61: Referral | T61: 2023-06-11 | U61: 2023-08-28 | V61: ="FY"&YEAR(M61) -> FY2023 | W61: ="FY"&YEAR(N61) -> FY2026 | X61: License | Y61: Ratable - Straight Line | Z61: Annual in Advance | AD61: 1200000 | AE61: 866666.67 | AF61: =IF(AD61-AE61>0,AD61-AE61,0) -> 333333.33 | AG61: =IF(AD61-AE61<0,ABS(AD61-AE61),0) -> 0 | AH61: N/A | AI61: N/A | AJ61: Yes | AK61: Annual | AL61: 2025-09-28 | AM61: INV-1001 | AN61: 400000 | AO61: Net 45 | AP61: 960000 | AQ61: =AD61-AP61 -> 240000
A62: OPP-10002 | B62: LIC-CC-2024-439 | C62: Cook County Department of Public Health (IL) | D62: County Government | E62: EHR Platform License - Regional Deployment | F62: Closed Won | G62: New Business - License | H62: Yes | I62: 1450000 | K62: 100 | L62: 2023-09-27 | M62: 2023-10-01 | N62: 2026-10-31 | O62: =DATEDIF(M62,N62,"m") -> 36 | P62: J. Alvarez | Q62: Closed | R62: Existing Customer | T62: 2023-07-06 | U62: 2023-09-27 | V62: ="FY"&YEAR(M62) -> FY2023 | W62: ="FY"&YEAR(N62) -> FY2026 | X62: License | Y62: Ratable - Straight Line | Z62: Semi-Annual in Advance | AD62: 1208333.4 | AE62: 1006944.4 | AF62: =IF(AD62-AE62>0,AD62-AE62,0) -> 201388.91 | AG62: =IF(AD62-AE62<0,ABS(AD62-AE62),0) -> 0 | AH62: N/A | AI62: N/A | AJ62: Yes | AK62: Semi-Annual | AL62: 2025-10-27 | AM62: INV-1002 | AN62: 241666.67 | AO62: Net 45 | AP62: 1208333.4 | AQ62: =AD62-AP62 -> 0
A63: OPP-10011 | B63: LIC-AD-2024-268 | C63: Arizona Department of Health Services | D63: State Government | E63: EHR License Renewal | F63: Closed Won | G63: New Business - License | H63: Yes | I63: 320000 | K63: 100 | L63: 2023-10-31 | M63: 2023-11-01 | N63: 2026-11-30 | O63: =DATEDIF(M63,N63,"m") -> 36 | P63: J. Alvarez | Q63: Closed | R63: Partner Referral | T63: 2023-08-12 | U63: 2023-10-31 | V63: ="FY"&YEAR(M63) -> FY2023 | W63: ="FY"&YEAR(N63) -> FY2026 | X63: License | Y63: Ratable - Straight Line | Z63: Annual in Advance | AD63: 213333.34 | AE63: 213333.33 | AF63: =IF(AD63-AE63>0,AD63-AE63,0) -> 0.01 | AG63: =IF(AD63-AE63<0,ABS(AD63-AE63),0) -> 0 | AH63: N/A | AI63: N/A | AJ63: Yes | AK63: Annual | AL63: 2024-11-30 | AM63: INV-1011 | AN63: 106666.67 | AO63: Net 45 | AP63: 213333.34 | AQ63: =AD63-AP63 -> 0
A64: OPP-10025 | B64: GRT-2024-6563 | C64: Susan and Michael Dell Foundation | D64: Foundation | E64: Social Determinants of Health Module - New Development | F64: Closed Won | G64: New Business - Grant | H64: Yes | I64: 420000 | J64: 270454.21 | K64: 100 | L64: 2023-10-17 | M64: 2023-11-01 | N64: 2026-11-30 | O64: =DATEDIF(M64,N64,"m") -> 36 | P64: S. Park | Q64: Closed | R64: Existing Customer | T64: 2023-06-07 | U64: 2023-10-17 | V64: ="FY"&YEAR(M64) -> FY2023 | W64: ="FY"&YEAR(N64) -> FY2026 | X64: Development | Y64: Percentage of Completion | Z64: Billed per milestone completion | AC64: 166058.88 | AD64: 315000 | AE64: 257880 | AF64: =IF(AD64-AE64>0,AD64-AE64,0) -> 57120 | AG64: =IF(AD64-AE64<0,ABS(AD64-AE64),0) -> 0 | AH64: 67.82 | AI64: Cost-to-Cost | AJ64: No | AK64: Draw Request | AN64: 0 | AO64: Per Grant Agreement | AP64: 315000 | AQ64: =AD64-AP64 -> 0
A65: OPP-10024 | B65: GRT-2024-8146 | C65: Commonwealth Fund | D65: Foundation | E65: Social Determinants of Health Module - New Development | F65: Closed Won | G65: New Business - Grant | H65: Yes | I65: 1200000 | J65: 848474.43 | K65: 100 | L65: 2023-12-13 | M65: 2024-01-01 | N65: 2026-01-31 | O65: =DATEDIF(M65,N65,"m") -> 24 | P65: K. Whitfield | Q65: Closed | R65: Cold Outreach | T65: 2023-07-14 | U65: 2023-12-13 | V65: ="FY"&YEAR(M65) -> FY2024 | W65: ="FY"&YEAR(N65) -> FY2026 | X65: Development | Y65: Percentage of Completion | Z65: Billed per milestone completion | AC65: 715942.72 | AD65: 600000 | AE65: 1012560 | AF65: =IF(AD65-AE65>0,AD65-AE65,0) -> 0 | AG65: =IF(AD65-AE65<0,ABS(AD65-AE65),0) -> 412560 | AH65: 89.51 | AI65: Cost-to-Cost | AJ65: No | AK65: Draw Request | AN65: 0 | AO65: Per Grant Agreement | AP65: 480000 | AQ65: =AD65-AP65 -> 120000
A66: OPP-10005 | B66: LIC-MC-2024-555 | C66: Maricopa County Department of Public Health (AZ) | D66: County Government | E66: EHR License - Multi-Site Expansion | F66: Closed Won | G66: New Business - License | H66: Yes | I66: 1450000 | K66: 100 | L66: 2024-02-22 | M66: 2024-03-01 | N66: 2026-03-31 | O66: =DATEDIF(M66,N66,"m") -> 24 | P66: M. Torres | Q66: Closed | R66: Existing Customer | T66: 2023-11-20 | U66: 2024-02-22 | V66: ="FY"&YEAR(M66) -> FY2024 | W66: ="FY"&YEAR(N66) -> FY2026 | X66: License | Y66: Ratable - Straight Line | Z66: Annual in Advance | AD66: 1450000 | AE66: 1208333.3 | AF66: =IF(AD66-AE66>0,AD66-AE66,0) -> 241666.67 | AG66: =IF(AD66-AE66<0,ABS(AD66-AE66),0) -> 0 | AH66: N/A | AI66: N/A | AJ66: Yes | AK66: Annual | AL66: 2025-03-22 | AM66: INV-1005 | AN66: 725000 | AO66: Net 45 | AP66: 1450000 | AQ66: =AD66-AP66 -> 0
A67: OPP-10020 | B67: GRT-2024-2291 | C67: Commonwealth Fund | D67: Foundation | E67: Community Health Worker Mobile App - New Development | F67: Closed Won | G67: Expansion - Grant | H67: Yes | I67: 150000 | J67: 107496.18 | K67: 100 | L67: 2024-04-24 | M67: 2024-05-01 | N67: 2026-05-31 | O67: =DATEDIF(M67,N67,"m") -> 24 | P67: S. Park | Q67: Closed | R67: Cold Outreach | T67: 2023-12-18 | U67: 2024-04-24 | V67: ="FY"&YEAR(M67) -> FY2024 | W67: ="FY"&YEAR(N67) -> FY2026 | X67: Development | Y67: Percentage of Completion | Z67: Billed per milestone completion | AC67: 78257.22 | AD67: 75000 | AE67: 109200 | AF67: =IF(AD67-AE67>0,AD67-AE67,0) -> 0 | AG67: =IF(AD67-AE67<0,ABS(AD67-AE67),0) -> 34200 | AH67: 78.04 | AI67: Cost-to-Cost | AJ67: No | AK67: Draw Request | AN67: 0 | AO67: Per Grant Agreement | AP67: 75000 | AQ67: =AD67-AP67 -> 0
A68: OPP-10010 | B68: LIC-ID-2024-577 | C68: Illinois Department of Public Health | D68: State Government | E68: EHR Platform License | F68: Closed Won | G68: Renewal - License | H68: Yes | I68: 320000 | K68: 100 | L68: 2024-06-23 | M68: 2024-07-01 | N68: 2026-07-31 | O68: =DATEDIF(M68,N68,"m") -> 24 | P68: K. Whitfield | Q68: Closed | R68: Referral | T68: 2024-01-30 | U68: 2024-06-23 | V68: ="FY"&YEAR(M68) -> FY2024 | W68: ="FY"&YEAR(N68) -> FY2026 | X68: License | Y68: Ratable - Straight Line | Z68: Annual in Advance | AD68: 320000 | AE68: 213333.33 | AF68: =IF(AD68-AE68>0,AD68-AE68,0) -> 106666.67 | AG68: =IF(AD68-AE68<0,ABS(AD68-AE68),0) -> 0 | AH68: N/A | AI68: N/A | AJ68: Yes | AK68: Annual | AL68: 2025-07-23 | AM68: INV-1010 | AN68: 160000 | AO68: Net 45 | AP68: 320000 | AQ68: =AD68-AP68 -> 0
A69: OPP-10017 | B69: GRT-2024-5176 | C69: Kresge Foundation | D69: Foundation | E69: Social Determinants of Health Module - New Development | F69: Closed Won | G69: Expansion - Grant | H69: Yes | I69: 850000 | J69: 585997.51 | K69: 100 | L69: 2024-06-13 | M69: 2024-07-01 | N69: 2026-07-31 | O69: =DATEDIF(M69,N69,"m") -> 24 | P69: J. Alvarez | Q69: Closed | R69: RFP Response | T69: 2024-01-24 | U69: 2024-06-13 | V69: ="FY"&YEAR(M69) -> FY2024 | W69: ="FY"&YEAR(N69) -> FY2026 | X69: Development | Y69: Percentage of Completion | Z69: Billed per milestone completion | AC69: 356755.28 | AD69: 425000 | AE69: 517480 | AF69: =IF(AD69-AE69>0,AD69-AE69,0) -> 0 | AG69: =IF(AD69-AE69<0,ABS(AD69-AE69),0) -> 92480 | AH69: 66.7 | AI69: Cost-to-Cost | AJ69: No | AK69: Draw Request | AN69: 0 | AO69: Per Grant Agreement | AP69: 340000 | AQ69: =AD69-AP69 -> 85000
A70: OPP-10057 | B70: GRT-2025-9598 | C70: Susan and Michael Dell Foundation | D70: Foundation | E70: Immunization Tracking Extension - New Development | F70: Closed Won | G70: Expansion - Grant | H70: Yes | I70: 420000 | J70: 284808.52 | K70: 100 | L70: 2024-07-01 | M70: 2024-08-01 | N70: 2026-07-31 | O70: =DATEDIF(M70,N70,"m") -> 23 | P70: J. Alvarez | Q70: Closed | R70: Conference Lead | T70: 2024-03-15 | U70: 2024-07-01 | V70: ="FY"&YEAR(M70) -> FY2024 | W70: ="FY"&YEAR(N70) -> FY2026 | X70: Development | Y70: Percentage of Completion | Z70: Billed per milestone completion | AC70: 193612.83 | AD70: 210000 | AE70: 285516 | AF70: =IF(AD70-AE70>0,AD70-AE70,0) -> 0 | AG70: =IF(AD70-AE70<0,ABS(AD70-AE70),0) -> 75516 | AH70: 61.64 | AI70: Cost-to-Cost | AJ70: No | AK70: Draw Request | AN70: 0 | AO70: Per Grant Agreement | AP70: 210000 | AQ70: =AD70-AP70 -> 0
A71: OPP-10046 | B71: LIC-ID-2025-924 | C71: Illinois Department of Public Health | D71: State Government | E71: EHR License - County Deployment | F71: Closed Won | G71: Renewal - License | H71: Yes | I71: 275000 | K71: 100 | L71: 2024-07-19 | M71: 2024-08-01 | N71: 2026-08-31 | O71: =DATEDIF(M71,N71,"m") -> 24 | P71: S. Park | Q71: Closed | R71: Conference Lead | T71: 2024-04-04 | U71: 2024-07-19 | V71: ="FY"&YEAR(M71) -> FY2024 | W71: ="FY"&YEAR(N71) -> FY2026 | X71: License | Y71: Ratable - Straight Line | Z71: Annual in Advance | AD71: 275000 | AE71: 171875 | AF71: =IF(AD71-AE71>0,AD71-AE71,0) -> 103125 | AG71: =IF(AD71-AE71<0,ABS(AD71-AE71),0) -> 0 | AH71: N/A | AI71: N/A | AJ71: Yes | AK71: Annual | AL71: 2025-08-19 | AM71: INV-1029 | AN71: 137500 | AO71: Net 45 | AP71: 275000 | AQ71: =AD71-AP71 -> 0
A72: OPP-10060 | B72: GRT-2025-5752 | C72: Susan and Michael Dell Foundation | D72: Foundation | E72: Behavioral Health Data Exchange - New Development | F72: Closed Won | G72: New Business - Grant | H72: Yes | I72: 850000 | J72: 559279.37 | K72: 100 | L72: 2024-07-15 | M72: 2024-08-01 | N72: 2026-08-31 | O72: =DATEDIF(M72,N72,"m") -> 24 | P72: M. Torres | Q72: Closed | R72: Cold Outreach | T72: 2024-01-21 | U72: 2024-07-15 | V72: ="FY"&YEAR(M72) -> FY2024 | W72: ="FY"&YEAR(N72) -> FY2026 | X72: Development | Y72: Percentage of Completion | Z72: Billed per milestone completion | AC72: 348766.62 | AD72: 425000 | AE72: 530060 | AF72: =IF(AD72-AE72>0,AD72-AE72,0) -> 0 | AG72: =IF(AD72-AE72<0,ABS(AD72-AE72),0) -> 105060 | AH72: 61.03 | AI72: Cost-to-Cost | AJ72: No | AK72: Draw Request | AN72: 0 | AO72: Per Grant Agreement | AP72: 425000 | AQ72: =AD72-AP72 -> 0
A73: OPP-10053 | B73: GRT-2025-3112 | C73: Susan and Michael Dell Foundation | D73: Foundation | E73: Immunization Tracking Extension - New Development | F73: Closed Won | G73: New Business - Grant | H73: Yes | I73: 850000 | J73: 590016.53 | K73: 100 | L73: 2024-09-09 | M73: 2024-10-01 | N73: 2026-10-31 | O73: =DATEDIF(M73,N73,"m") -> 24 | P73: K. Whitfield | Q73: Closed | R73: Partner Referral | T73: 2024-05-07 | U73: 2024-09-09 | V73: ="FY"&YEAR(M73) -> FY2024 | W73: ="FY"&YEAR(N73) -> FY2026 | X73: Development | Y73: Percentage of Completion | Z73: Billed per milestone completion | AC73: 282145.9 | AD73: 425000 | AE73: 406470 | AF73: =IF(AD73-AE73>0,AD73-AE73,0) -> 18530 | AG73: =IF(AD73-AE73<0,ABS(AD73-AE73),0) -> 0 | AH73: 51.05 | AI73: Cost-to-Cost | AJ73: No | AK73: Draw Request | AN73: 0 | AO73: Per Grant Agreement | AP73: 425000 | AQ73: =AD73-AP73 -> 0
A74: OPP-10059 | B74: GRT-2025-8202 | C74: Commonwealth Fund | D74: Foundation | E74: Social Determinants of Health Module - New Development | F74: Closed Won | G74: New Business - Grant | H74: Yes | I74: 420000 | J74: 282528.69 | K74: 100 | L74: 2025-05-13 | M74: 2025-06-01 | N74: 2026-06-30 | O74: =DATEDIF(M74,N74,"m") -> 12 | P74: K. Whitfield | Q74: Closed | R74: RFP Response | T74: 2025-01-31 | U74: 2025-05-13 | V74: ="FY"&YEAR(M74) -> FY2025 | W74: ="FY"&YEAR(N74) -> FY2026 | X74: Development | Y74: Percentage of Completion | Z74: Billed per milestone completion | AC74: 150644.3 | AD74: 105000 | AE74: 223944 | AF74: =IF(AD74-AE74>0,AD74-AE74,0) -> 0 | AG74: =IF(AD74-AE74<0,ABS(AD74-AE74),0) -> 118944 | AH74: 44.23 | AI74: Cost-to-Cost | AJ74: No | AK74: Draw Request | AN74: 0 | AO74: Per Grant Agreement | AP74: 84000 | AQ74: =AD74-AP74 -> 21000
A75: OPP-10052 | B75: GRT-2025-3096 | C75: Commonwealth Fund | D75: Foundation | E75: EHR Interoperability Module - New Development | F75: Closed Won | G75: New Business - Grant | H75: Yes | I75: 420000 | J75: 270604.72 | K75: 100 | L75: 2025-02-24 | M75: 2025-03-01 | N75: 2026-09-30 | O75: =DATEDIF(M75,N75,"m") -> 18 | P75: S. Park | Q75: Closed | R75: Existing Customer | T75: 2024-11-13 | U75: 2025-02-24 | V75: ="FY"&YEAR(M75) -> FY2025 | W75: ="FY"&YEAR(N75) -> FY2026 | X75: Development | Y75: Percentage of Completion | Z75: Billed per milestone completion | AC75: 105156.99 | AD75: 105000 | AE75: 163212 | AF75: =IF(AD75-AE75>0,AD75-AE75,0) -> 0 | AG75: =IF(AD75-AE75<0,ABS(AD75-AE75),0) -> 58212 | AH75: 45.89 | AI75: Cost-to-Cost | AJ75: No | AK75: Draw Request | AN75: 0 | AO75: Per Grant Agreement | AP75: 105000 | AQ75: =AD75-AP75 -> 0
A76: OPP-10088 | B76: GRT-2026-2620 | C76: Bill & Melinda Gates Foundation | D76: Foundation | E76: Immunization Tracking Extension - New Development | F76: Closed Won | G76: Expansion - Grant | H76: Yes | I76: 1200000 | J76: 856451.43 | K76: 100 | L76: 2025-09-25 | M76: 2025-10-01 | N76: 2026-10-31 | O76: =DATEDIF(M76,N76,"m") -> 12 | P76: J. Alvarez | Q76: Closed | R76: Partner Referral | T76: 2025-03-26 | U76: 2025-09-25 | V76: ="FY"&YEAR(M76) -> FY2025 | W76: ="FY"&YEAR(N76) -> FY2026 | X76: Development | Y76: Percentage of Completion | Z76: Billed per milestone completion | AC76: 53099.99 | AD76: 300000 | AE76: 74400 | AF76: =IF(AD76-AE76>0,AD76-AE76,0) -> 225600 | AG76: =IF(AD76-AE76<0,ABS(AD76-AE76),0) -> 0 | AH76: 7.38 | AI76: Cost-to-Cost | AJ76: No | AK76: Draw Request | AN76: 0 | AO76: Per Grant Agreement | AP76: 300000 | AQ76: =AD76-AP76 -> 0
A77: OPP-10016 | B77: LIC-HC-2024-431 | C77: Harris County Public Health (TX) | D77: County Government | E77: EHR Platform License - Regional Deployment | F77: Closed Won | G77: New Business - License | H77: Yes | I77: 450000 | K77: 100 | L77: 2024-02-05 | M77: 2024-03-01 | N77: 2027-03-31 | O77: =DATEDIF(M77,N77,"m") -> 36 | P77: M. Torres | Q77: Closed | R77: RFP Response | T77: 2023-10-01 | U77: 2024-02-05 | V77: ="FY"&YEAR(M77) -> FY2024 | W77: ="FY"&YEAR(N77) -> FY2027 | X77: License | Y77: Ratable - Straight Line | Z77: Annual in Advance | AD77: 300000 | AE77: 250000 | AF77: =IF(AD77-AE77>0,AD77-AE77,0) -> 50000 | AG77: =IF(AD77-AE77<0,ABS(AD77-AE77),0) -> 0 | AH77: N/A | AI77: N/A | AJ77: Yes | AK77: Annual | AL77: 2025-03-05 | AM77: INV-1016 | AN77: 150000 | AO77: Net 45 | AP77: 300000 | AQ77: =AD77-AP77 -> 0
A78: OPP-10055 | B78: GRT-2025-2807 | C78: Bill & Melinda Gates Foundation | D78: Foundation | E78: Rural Clinic Data Platform - New Development | F78: Closed Won | G78: New Business - Grant | H78: Yes | I78: 310000 | J78: 200247.26 | K78: 100 | L78: 2024-07-20 | M78: 2024-08-01 | N78: 2027-08-31 | O78: =DATEDIF(M78,N78,"m") -> 36 | P78: S. Park | Q78: Closed | R78: Partner Referral | T78: 2024-02-27 | U78: 2024-07-20 | V78: ="FY"&YEAR(M78) -> FY2024 | W78: ="FY"&YEAR(N78) -> FY2027 | X78: Development | Y78: Percentage of Completion | Z78: Billed per milestone completion | AC78: 83002.49 | AD78: 155000 | AE78: 128495 | AF78: =IF(AD78-AE78>0,AD78-AE78,0) -> 26505 | AG78: =IF(AD78-AE78<0,ABS(AD78-AE78),0) -> 0 | AH78: 40.81 | AI78: Cost-to-Cost | AJ78: No | AK78: Draw Request | AN78: 0 | AO78: Per Grant Agreement | AP78: 155000 | AQ78: =AD78-AP78 -> 0
A79: OPP-10047 | B79: LIC-DP-2025-579 | C79: Denver Public Health (CO) | D79: County Government | E79: EHR Platform License | F79: Closed Won | G79: New Business - License | H79: Yes | I79: 850000 | K79: 100 | L79: 2024-08-16 | M79: 2024-09-01 | N79: 2027-09-30 | O79: =DATEDIF(M79,N79,"m") -> 36 | P79: M. Torres | Q79: Closed | R79: Conference Lead | T79: 2024-03-31 | U79: 2024-08-16 | V79: ="FY"&YEAR(M79) -> FY2024 | W79: ="FY"&YEAR(N79) -> FY2027 | X79: License | Y79: Ratable - Straight Line | Z79: Annual in Advance | AD79: 566666.66 | AE79: 330555.56 | AF79: =IF(AD79-AE79>0,AD79-AE79,0) -> 236111.1 | AG79: =IF(AD79-AE79<0,ABS(AD79-AE79),0) -> 0 | AH79: N/A | AI79: N/A | AJ79: Yes | AK79: Annual | AL79: 2025-09-16 | AM79: INV-1030 | AN79: 283333.33 | AO79: Net 45 | AP79: 453333.33 | AQ79: =AD79-AP79 -> 113333.33
A80: OPP-10048 | B80: LIC-AD-2025-217 | C80: Arizona Department of Health Services | D80: State Government | E80: EHR License - Multi-Site Expansion | F80: Closed Won | G80: Renewal - License | H80: Yes | I80: 1450000 | K80: 100 | L80: 2024-08-23 | M80: 2024-09-01 | N80: 2027-09-30 | O80: =DATEDIF(M80,N80,"m") -> 36 | P80: S. Park | Q80: Closed | R80: RFP Response | T80: 2024-05-18 | U80: 2024-08-23 | V80: ="FY"&YEAR(M80) -> FY2024 | W80: ="FY"&YEAR(N80) -> FY2027 | X80: License | Y80: Ratable - Straight Line | Z80: Quarterly in Advance | AD80: 604166.65 | AE80: 563888.89 | AF80: =IF(AD80-AE80>0,AD80-AE80,0) -> 40277.76 | AG80: =IF(AD80-AE80<0,ABS(AD80-AE80),0) -> 0 | AH80: N/A | AI80: N/A | AJ80: Yes | AK80: Quarterly | AL80: 2025-09-23 | AM80: INV-1031 | AN80: 120833.33 | AO80: Net 45 | AP80: 604166.65 | AQ80: =AD80-AP80 -> 0
A81: OPP-10049 | B81: LIC-ID-2025-522 | C81: Illinois Department of Public Health | D81: State Government | E81: EHR Platform License - Regional Deployment | F81: Closed Won | G81: Renewal - License | H81: Yes | I81: 450000 | K81: 100 | L81: 2024-09-20 | M81: 2024-10-01 | N81: 2027-10-31 | O81: =DATEDIF(M81,N81,"m") -> 36 | P81: R. Chen | Q81: Closed | R81: Cold Outreach | T81: 2024-06-24 | U81: 2024-09-20 | V81: ="FY"&YEAR(M81) -> FY2024 | W81: ="FY"&YEAR(N81) -> FY2027 | X81: License | Y81: Ratable - Straight Line | Z81: Semi-Annual in Advance | AD81: 225000 | AE81: 162500 | AF81: =IF(AD81-AE81>0,AD81-AE81,0) -> 62500 | AG81: =IF(AD81-AE81<0,ABS(AD81-AE81),0) -> 0 | AH81: N/A | AI81: N/A | AJ81: Yes | AK81: Semi-Annual | AL81: 2025-10-20 | AM81: INV-1032 | AN81: 75000 | AO81: Net 45 | AP81: 225000 | AQ81: =AD81-AP81 -> 0
A82: OPP-10058 | B82: GRT-2025-1663 | C82: The California Endowment | D82: Foundation | E82: Rural Clinic Data Platform - New Development | F82: Closed Won | G82: New Business - Grant | H82: Yes | I82: 420000 | J82: 253782.67 | K82: 100 | L82: 2025-01-25 | M82: 2025-02-01 | N82: 2027-02-28 | O82: =DATEDIF(M82,N82,"m") -> 24 | P82: M. Torres | Q82: Closed | R82: Referral | T82: 2024-07-29 | U82: 2025-01-25 | V82: ="FY"&YEAR(M82) -> FY2025 | W82: ="FY"&YEAR(N82) -> FY2027 | X82: Development | Y82: Percentage of Completion | Z82: Billed per milestone completion | AC82: 94432.53 | AD82: 105000 | AE82: 156282 | AF82: =IF(AD82-AE82>0,AD82-AE82,0) -> 0 | AG82: =IF(AD82-AE82<0,ABS(AD82-AE82),0) -> 51282 | AH82: 36.38 | AI82: Cost-to-Cost | AJ82: No | AK82: Draw Request | AN82: 0 | AO82: Per Grant Agreement | AP82: 105000 | AQ82: =AD82-AP82 -> 0
A83: OPP-10093 | B83: GRT-2026-4773 | C83: Susan and Michael Dell Foundation | D83: Foundation | E83: Opioid Surveillance Dashboard - New Development | F83: Closed Won | G83: Expansion - Grant | H83: Yes | I83: 95000 | J83: 67895.76 | K83: 100 | L83: 2025-07-23 | M83: 2025-08-01 | N83: 2027-02-28 | O83: =DATEDIF(M83,N83,"m") -> 18 | P83: K. Whitfield | Q83: Closed | R83: RFP Response | T83: 2025-03-13 | U83: 2025-07-23 | V83: ="FY"&YEAR(M83) -> FY2025 | W83: ="FY"&YEAR(N83) -> FY2027 | X83: Development | Y83: Percentage of Completion | Z83: Billed per milestone completion | AC83: 7393.85 | AD83: 23750 | AE83: 10345.5 | AF83: =IF(AD83-AE83>0,AD83-AE83,0) -> 13404.5 | AG83: =IF(AD83-AE83<0,ABS(AD83-AE83),0) -> 0 | AH83: 19.17 | AI83: Cost-to-Cost | AJ83: No | AK83: Draw Request | AN83: 0 | AO83: Per Grant Agreement | AP83: 23750 | AQ83: =AD83-AP83 -> 0
A84: OPP-10087 | B84: GRT-2026-2091 | C84: Robert Wood Johnson Foundation | D84: Foundation | E84: Behavioral Health Data Exchange - New Development | F84: Closed Won | G84: Expansion - Grant | H84: Yes | I84: 150000 | J84: 99504.63 | K84: 100 | L84: 2025-09-22 | M84: 2025-10-01 | N84: 2027-04-30 | O84: =DATEDIF(M84,N84,"m") -> 18 | P84: S. Park | Q84: Closed | R84: Partner Referral | T84: 2025-04-23 | U84: 2025-09-22 | V84: ="FY"&YEAR(M84) -> FY2025 | W84: ="FY"&YEAR(N84) -> FY2027 | X84: Development | Y84: Percentage of Completion | Z84: Billed per milestone completion | AC84: 7164.33 | AD84: 37500 | AE84: 10800 | AF84: =IF(AD84-AE84>0,AD84-AE84,0) -> 26700 | AG84: =IF(AD84-AE84<0,ABS(AD84-AE84),0) -> 0 | AH84: 3.65 | AI84: Cost-to-Cost | AJ84: No | AK84: Draw Request | AN84: 0 | AO84: Per Grant Agreement | AP84: 30000 | AQ84: =AD84-AP84 -> 7500
A85: OPP-10037 | B85: LIC-HC-2025-534 | C85: Harris County Public Health (TX) | D85: County Government | E85: EHR Platform License | F85: Closed Won | G85: New Business - License | H85: Yes | I85: 1200000 | K85: 100 | L85: 2025-04-27 | M85: 2025-05-01 | N85: 2027-05-31 | O85: =DATEDIF(M85,N85,"m") -> 24 | P85: J. Alvarez | Q85: Closed | R85: Referral | T85: 2024-12-10 | U85: 2025-04-27 | V85: ="FY"&YEAR(M85) -> FY2025 | W85: ="FY"&YEAR(N85) -> FY2027 | X85: License | Y85: Ratable - Straight Line | Z85: Annual in Advance | AD85: 600000 | AE85: 300000 | AF85: =IF(AD85-AE85>0,AD85-AE85,0) -> 300000 | AG85: =IF(AD85-AE85<0,ABS(AD85-AE85),0) -> 0 | AH85: N/A | AI85: N/A | AJ85: Yes | AK85: Annual | AL85: 2025-05-27 | AM85: INV-1020 | AN85: 600000 | AO85: Net 45 | AP85: 600000 | AQ85: =AD85-AP85 -> 0
A86: OPP-10034 | B86: LIC-CD-2025-226 | C86: Colorado Department of Public Health and Environment | D86: State Government | E86: EHR License - County Deployment | F86: Closed Won | G86: New Business - License | H86: Yes | I86: 640000 | K86: 100 | L86: 2025-05-03 | M86: 2025-06-01 | N86: 2027-06-30 | O86: =DATEDIF(M86,N86,"m") -> 24 | P86: R. Chen | Q86: Closed | R86: Referral | T86: 2025-02-14 | U86: 2025-05-03 | V86: ="FY"&YEAR(M86) -> FY2025 | W86: ="FY"&YEAR(N86) -> FY2027 | X86: License | Y86: Ratable - Straight Line | Z86: Quarterly in Advance | AD86: 160000 | AE86: 133333.33 | AF86: =IF(AD86-AE86>0,AD86-AE86,0) -> 26666.67 | AG86: =IF(AD86-AE86<0,ABS(AD86-AE86),0) -> 0 | AH86: N/A | AI86: N/A | AJ86: Yes | AK86: Quarterly | AL86: 2025-09-03 | AM86: INV-1017 | AN86: 80000 | AO86: Net 45 | AP86: 160000 | AQ86: =AD86-AP86 -> 0
A87: OPP-10036 | B87: LIC-FC-2025-748 | C87: Franklin County Department of Health (OH) | D87: County Government | E87: EHR License - County Deployment | F87: Closed Won | G87: New Business - License | H87: Yes | I87: 1200000 | K87: 100 | L87: 2025-06-22 | M87: 2025-07-01 | N87: 2027-07-31 | O87: =DATEDIF(M87,N87,"m") -> 24 | P87: R. Chen | Q87: Closed | R87: Cold Outreach | T87: 2025-02-17 | U87: 2025-06-22 | V87: ="FY"&YEAR(M87) -> FY2025 | W87: ="FY"&YEAR(N87) -> FY2027 | X87: License | Y87: Ratable - Straight Line | Z87: Annual in Advance | AD87: 600000 | AE87: 200000 | AF87: =IF(AD87-AE87>0,AD87-AE87,0) -> 400000 | AG87: =IF(AD87-AE87<0,ABS(AD87-AE87),0) -> 0 | AH87: N/A | AI87: N/A | AJ87: Yes | AK87: Annual | AL87: 2025-07-22 | AM87: INV-1019 | AN87: 600000 | AO87: Net 45 | AP87: 600000 | AQ87: =AD87-AP87 -> 0
A88: OPP-10054 | B88: GRT-2025-7533 | C88: Susan and Michael Dell Foundation | D88: Foundation | E88: Social Determinants of Health Module - New Development | F88: Closed Won | G88: Expansion - Grant | H88: Yes | I88: 310000 | J88: 205234.21 | K88: 100 | L88: 2025-06-29 | M88: 2025-07-01 | N88: 2027-07-31 | O88: =DATEDIF(M88,N88,"m") -> 24 | P88: J. Alvarez | Q88: Closed | R88: Existing Relationship | T88: 2025-02-04 | U88: 2025-06-29 | V88: ="FY"&YEAR(M88) -> FY2025 | W88: ="FY"&YEAR(N88) -> FY2027 | X88: Development | Y88: Percentage of Completion | Z88: Billed per milestone completion | AC88: 22719.43 | AD88: 77500 | AE88: 34317 | AF88: =IF(AD88-AE88>0,AD88-AE88,0) -> 43183 | AG88: =IF(AD88-AE88<0,ABS(AD88-AE88),0) -> 0 | AH88: 18.83 | AI88: Cost-to-Cost | AJ88: No | AK88: Draw Request | AN88: 0 | AO88: Per Grant Agreement | AP88: 77500 | AQ88: =AD88-AP88 -> 0
A89: OPP-10089 | B89: GRT-2026-3176 | C89: The California Endowment | D89: Foundation | E89: Opioid Surveillance Dashboard - New Development | F89: Closed Won | G89: Expansion - Grant | H89: Yes | I89: 580000 | J89: 411633.61 | K89: 100 | L89: 2025-07-23 | M89: 2025-08-01 | N89: 2027-08-31 | O89: =DATEDIF(M89,N89,"m") -> 24 | P89: K. Whitfield | Q89: Closed | R89: Existing Customer | T89: 2025-03-09 | U89: 2025-07-23 | V89: ="FY"&YEAR(M89) -> FY2025 | W89: ="FY"&YEAR(N89) -> FY2027 | X89: Development | Y89: Percentage of Completion | Z89: Billed per milestone completion | AC89: 37335.17 | AD89: 145000 | AE89: 52606 | AF89: =IF(AD89-AE89>0,AD89-AE89,0) -> 92394 | AG89: =IF(AD89-AE89<0,ABS(AD89-AE89),0) -> 0 | AH89: 12.82 | AI89: Cost-to-Cost | AJ89: No | AK89: Draw Request | AN89: 0 | AO89: Per Grant Agreement | AP89: 116000 | AQ89: =AD89-AP89 -> 29000
A90: OPP-10075 | B90: LIC-OD-2026-629 | C90: Ohio Department of Health | D90: State Government | E90: EHR License - County Deployment | F90: Closed Won | G90: Renewal - License | H90: Yes | I90: 185000 | K90: 100 | L90: 2025-08-19 | M90: 2025-09-01 | N90: 2027-09-30 | O90: =DATEDIF(M90,N90,"m") -> 24 | P90: J. Alvarez | Q90: Closed | R90: Referral | T90: 2025-04-21 | U90: 2025-08-19 | V90: ="FY"&YEAR(M90) -> FY2025 | W90: ="FY"&YEAR(N90) -> FY2027 | X90: License | Y90: Ratable - Straight Line | Z90: Semi-Annual in Advance | AD90: 46250 | AE90: 15416.67 | AF90: =IF(AD90-AE90>0,AD90-AE90,0) -> 30833.33 | AG90: =IF(AD90-AE90<0,ABS(AD90-AE90),0) -> 0 | AH90: N/A | AI90: N/A | AJ90: Yes | AK90: Semi-Annual | AL90: 2025-09-19 | AM90: INV-1038 | AN90: 46250 | AO90: Net 45 | AP90: 46250 | AQ90: =AD90-AP90 -> 0
A91: OPP-10077 | B91: LIC-GD-2026-727 | C91: Georgia Department of Public Health | D91: State Government | E91: EHR License Renewal | F91: Closed Won | G91: New Business - License | H91: Yes | I91: 850000 | K91: 100 | L91: 2025-08-09 | M91: 2025-09-01 | N91: 2027-09-30 | O91: =DATEDIF(M91,N91,"m") -> 24 | P91: J. Alvarez | Q91: Closed | R91: Referral | T91: 2025-04-04 | U91: 2025-08-09 | V91: ="FY"&YEAR(M91) -> FY2025 | W91: ="FY"&YEAR(N91) -> FY2027 | X91: License | Y91: Ratable - Straight Line | Z91: Annual in Advance | AD91: 425000 | AE91: 70833.33 | AF91: =IF(AD91-AE91>0,AD91-AE91,0) -> 354166.67 | AG91: =IF(AD91-AE91<0,ABS(AD91-AE91),0) -> 0 | AH91: N/A | AI91: N/A | AJ91: Yes | AK91: Annual | AL91: 2025-09-09 | AM91: INV-1040 | AN91: 425000 | AO91: Net 45 | AP91: 425000 | AQ91: =AD91-AP91 -> 0
A92: OPP-10073 | B92: LIC-MC-2026-906 | C92: Maricopa County Department of Public Health (AZ) | D92: County Government | E92: EHR License - Multi-Site Expansion | F92: Closed Won | G92: New Business - License | H92: Yes | I92: 1450000 | K92: 100 | L92: 2025-09-09 | M92: 2025-10-01 | N92: 2027-10-31 | O92: =DATEDIF(M92,N92,"m") -> 24 | P92: S. Park | Q92: Closed | R92: Existing Customer | T92: 2025-06-24 | U92: 2025-09-09 | V92: ="FY"&YEAR(M92) -> FY2025 | W92: ="FY"&YEAR(N92) -> FY2027 | X92: License | Y92: Ratable - Straight Line | Z92: Semi-Annual in Advance | AD92: 362500 | AE92: 60416.67 | AF92: =IF(AD92-AE92>0,AD92-AE92,0) -> 302083.33 | AG92: =IF(AD92-AE92<0,ABS(AD92-AE92),0) -> 0 | AH92: N/A | AI92: N/A | AJ92: Yes | AK92: Semi-Annual | AL92: 2025-10-09 | AM92: INV-1036 | AN92: 362500 | AO92: Net 45 | AP92: 362500 | AQ92: =AD92-AP92 -> 0
A93: OPP-10094 | B93: GRT-2026-7565 | C93: Bill & Melinda Gates Foundation | D93: Foundation | E93: EHR Interoperability Module - New Development | F93: Closed Won | G93: Expansion - Grant | H93: Yes | I93: 220000 | J93: 141899.23 | K93: 100 | L93: 2025-09-18 | M93: 2025-10-01 | N93: 2027-10-31 | O93: =DATEDIF(M93,N93,"m") -> 24 | P93: J. Alvarez | Q93: Closed | R93: Existing Customer | T93: 2025-04-24 | U93: 2025-09-18 | V93: ="FY"&YEAR(M93) -> FY2025 | W93: ="FY"&YEAR(N93) -> FY2027 | X93: Development | Y93: Percentage of Completion | Z93: Billed per milestone completion | AC93: 2525.81 | AD93: 55000 | AE93: 3916 | AF93: =IF(AD93-AE93>0,AD93-AE93,0) -> 51084 | AG93: =IF(AD93-AE93<0,ABS(AD93-AE93),0) -> 0 | AH93: 3.79 | AI93: Cost-to-Cost | AJ93: No | AK93: Draw Request | AN93: 0 | AO93: Per Grant Agreement | AP93: 55000 | AQ93: =AD93-AP93 -> 0
A94: OPP-10091 | B94: GRT-2026-9592 | C94: Robert Wood Johnson Foundation | D94: Foundation | E94: Community Health Worker Mobile App - New Development | F94: Closed Won | G94: New Business - Grant | H94: Yes | I94: 220000 | J94: 149380.15 | K94: 100 | L94: 2025-10-23 | M94: 2025-11-01 | N94: 2027-11-30 | O94: =DATEDIF(M94,N94,"m") -> 24 | P94: J. Alvarez | Q94: Closed | R94: Partner Referral | T94: 2025-05-24 | U94: 2025-10-23 | V94: ="FY"&YEAR(M94) -> FY2025 | W94: ="FY"&YEAR(N94) -> FY2027 | X94: Development | Y94: Percentage of Completion | Z94: Billed per milestone completion | AC94: 0 | AD94: 55000 | AE94: 0 | AF94: =IF(AD94-AE94>0,AD94-AE94,0) -> 55000 | AG94: =IF(AD94-AE94<0,ABS(AD94-AE94),0) -> 0 | AH94: 0 | AI94: Cost-to-Cost | AJ94: No | AK94: Draw Request | AN94: 0 | AO94: Per Grant Agreement | AP94: 44000 | AQ94: =AD94-AP94 -> 11000
A95: OPP-10095 | B95: GRT-2026-5232 | C95: Kresge Foundation | D95: Foundation | E95: School Health Records Integration - New Development | F95: Closed Won | G95: Expansion - Grant | H95: Yes | I95: 420000 | J95: 272725.67 | K95: 100 | L95: 2025-10-27 | M95: 2025-11-01 | N95: 2027-11-30 | O95: =DATEDIF(M95,N95,"m") -> 24 | P95: R. Chen | Q95: Closed | R95: Conference Lead | T95: 2025-04-22 | U95: 2025-10-27 | V95: ="FY"&YEAR(M95) -> FY2025 | W95: ="FY"&YEAR(N95) -> FY2027 | X95: Development | Y95: Percentage of Completion | Z95: Billed per milestone completion | AC95: 0 | AD95: 105000 | AE95: 0 | AF95: =IF(AD95-AE95>0,AD95-AE95,0) -> 105000 | AG95: =IF(AD95-AE95<0,ABS(AD95-AE95),0) -> 0 | AH95: 0 | AI95: Cost-to-Cost | AJ95: No | AK95: Draw Request | AN95: 0 | AO95: Per Grant Agreement | AP95: 105000 | AQ95: =AD95-AP95 -> 0
A96: OPP-10013 | B96: LIC-FC-2024-994 | C96: Franklin County Department of Health (OH) | D96: County Government | E96: EHR License Renewal | F96: Closed Won | G96: New Business - License | H96: Yes | I96: 450000 | K96: 100 | L96: 2023-11-29 | M96: 2023-12-01 | N96: 2028-12-31 | O96: =DATEDIF(M96,N96,"m") -> 60 | P96: S. Park | Q96: Closed | R96: Conference Lead | T96: 2023-08-03 | U96: 2023-11-29 | V96: ="FY"&YEAR(M96) -> FY2023 | W96: ="FY"&YEAR(N96) -> FY2028 | X96: License | Y96: Ratable - Straight Line | Z96: Quarterly in Advance | AD96: 180000 | AE96: 172500 | AF96: =IF(AD96-AE96>0,AD96-AE96,0) -> 7500 | AG96: =IF(AD96-AE96<0,ABS(AD96-AE96),0) -> 0 | AH96: N/A | AI96: N/A | AJ96: Yes | AK96: Quarterly | AL96: 2025-09-29 | AM96: INV-1013 | AN96: 22500 | AO96: Net 45 | AP96: 180000 | AQ96: =AD96-AP96 -> 0
A97: OPP-10003 | B97: LIC-CD-2024-173 | C97: Colorado Department of Public Health and Environment | D97: State Government | E97: EHR Platform License | F97: Closed Won | G97: New Business - License | H97: Yes | I97: 320000 | K97: 100 | L97: 2024-03-30 | M97: 2024-04-01 | N97: 2028-04-30 | O97: =DATEDIF(M97,N97,"m") -> 48 | P97: S. Park | Q97: Closed | R97: Conference Lead | T97: 2024-01-06 | U97: 2024-03-30 | V97: ="FY"&YEAR(M97) -> FY2024 | W97: ="FY"&YEAR(N97) -> FY2028 | X97: License | Y97: Ratable - Straight Line | Z97: Annual in Advance | AD97: 160000 | AE97: 126666.67 | AF97: =IF(AD97-AE97>0,AD97-AE97,0) -> 33333.33 | AG97: =IF(AD97-AE97<0,ABS(AD97-AE97),0) -> 0 | AH97: N/A | AI97: N/A | AJ97: Yes | AK97: Annual | AL97: 2025-04-30 | AM97: INV-1003 | AN97: 80000 | AO97: Net 45 | AP97: 160000 | AQ97: =AD97-AP97 -> 0
A98: OPP-10044 | B98: LIC-TH-2025-412 | C98: Texas Health and Human Services Commission | D98: State Government | E98: EHR Platform License - Regional Deployment | F98: Closed Won | G98: New Business - License | H98: Yes | I98: 320000 | K98: 100 | L98: 2024-10-14 | M98: 2024-11-01 | N98: 2028-11-30 | O98: =DATEDIF(M98,N98,"m") -> 48 | P98: J. Alvarez | Q98: Closed | R98: Cold Outreach | T98: 2024-07-15 | U98: 2024-10-14 | V98: ="FY"&YEAR(M98) -> FY2024 | W98: ="FY"&YEAR(N98) -> FY2028 | X98: License | Y98: Ratable - Straight Line | Z98: Semi-Annual in Advance | AD98: 80000 | AE98: 80000 | AF98: =IF(AD98-AE98>0,AD98-AE98,0) -> 0 | AG98: =IF(AD98-AE98<0,ABS(AD98-AE98),0) -> 0 | AH98: N/A | AI98: N/A | AJ98: Yes | AK98: Semi-Annual | AL98: 2025-05-14 | AM98: INV-1027 | AN98: 40000 | AO98: Net 45 | AP98: 80000 | AQ98: =AD98-AP98 -> 0
A99: OPP-10043 | B99: LIC-GD-2025-670 | C99: Georgia Department of Public Health | D99: State Government | E99: EHR License Renewal | F99: Closed Won | G99: New Business - License | H99: Yes | I99: 185000 | K99: 100 | L99: 2024-12-09 | M99: 2025-01-01 | N99: 2028-01-31 | O99: =DATEDIF(M99,N99,"m") -> 36 | P99: K. Whitfield | Q99: Closed | R99: Partner Referral | T99: 2024-10-07 | U99: 2024-12-09 | V99: ="FY"&YEAR(M99) -> FY2025 | W99: ="FY"&YEAR(N99) -> FY2028 | X99: License | Y99: Ratable - Straight Line | Z99: Annual in Advance | AD99: 61666.67 | AE99: 51388.89 | AF99: =IF(AD99-AE99>0,AD99-AE99,0) -> 10277.78 | AG99: =IF(AD99-AE99<0,ABS(AD99-AE99),0) -> 0 | AH99: N/A | AI99: N/A | AJ99: Yes | AK99: Annual | AL99: 2025-01-09 | AM99: INV-1026 | AN99: 61666.67 | AO99: Net 45 | AP99: 49333.336 | AQ99: =AD99-AP99 -> 12333.334
A100: OPP-10056 | B100: GRT-2025-8422 | C100: Commonwealth Fund | D100: Foundation | E100: Maternal Health Registry - New Development | F100: Closed Won | G100: New Business - Grant | H100: Yes | I100: 220000 | J100: 136437.21 | K100: 100 | L100: 2024-12-31 | M100: 2025-01-01 | N100: 2028-01-31 | O100: =DATEDIF(M100,N100,"m") -> 36 | P100: S. Park | Q100: Closed | R100: Referral | T100: 2024-08-25 | U100: 2024-12-31 | V100: ="FY"&YEAR(M100) -> FY2025 | W100: ="FY"&YEAR(N100) -> FY2028 | X100: Development | Y100: Percentage of Completion | Z100: Billed per milestone completion | AC100: 28228.86 | AD100: 55000 | AE100: 45518 | AF100: =IF(AD100-AE100>0,AD100-AE100,0) -> 9482 | AG100: =IF(AD100-AE100<0,ABS(AD100-AE100),0) -> 0 | AH100: 25.1 | AI100: Cost-to-Cost | AJ100: No | AK100: Draw Request | AN100: 0 | AO100: Per Grant Agreement | AP100: 55000 | AQ100: =AD100-AP100 -> 0
A101: OPP-10035 | B101: LIC-CC-2025-779 | C101: Cook County Department of Public Health (IL) | D101: County Government | E101: EHR Platform License - Regional Deployment | F101: Closed Won | G101: New Business - License | H101: Yes | I101: 640000 | K101: 100 | L101: 2025-04-22 | M101: 2025-05-01 | N101: 2028-05-31 | O101: =DATEDIF(M101,N101,"m") -> 36 | P101: R. Chen | Q101: Closed | R101: RFP Response | T101: 2025-02-10 | U101: 2025-04-22 | V101: ="FY"&YEAR(M101) -> FY2025 | W101: ="FY"&YEAR(N101) -> FY2028 | X101: License | Y101: Ratable - Straight Line | Z101: Quarterly in Advance | AD101: 106666.66 | AE101: 106666.67 | AF101: =IF(AD101-AE101>0,AD101-AE101,0) -> 0 | AG101: =IF(AD101-AE101<0,ABS(AD101-AE101),0) -> 0.01 | AH101: N/A | AI101: N/A | AJ101: Yes | AK101: Quarterly | AL101: 2025-08-22 | AM101: INV-1018 | AN101: 53333.33 | AO101: Net 45 | AP101: 106666.66 | AQ101: =AD101-AP101 -> 0
A102: OPP-10086 | B102: LIC-ID-2026-155 | C102: Illinois Department of Public Health | D102: State Government | E102: EHR License - County Deployment | F102: Closed Won | G102: New Business - License | H102: Yes | I102: 1450000 | K102: 100 | L102: 2025-07-06 | M102: 2025-08-01 | N102: 2028-08-31 | O102: =DATEDIF(M102,N102,"m") -> 36 | P102: K. Whitfield | Q102: Closed | R102: Cold Outreach | T102: 2025-05-02 | U102: 2025-07-06 | V102: ="FY"&YEAR(M102) -> FY2025 | W102: ="FY"&YEAR(N102) -> FY2028 | X102: License | Y102: Ratable - Straight Line | Z102: Quarterly in Advance | AD102: 120833.33 | AE102: 120833.33 | AF102: =IF(AD102-AE102>0,AD102-AE102,0) -> 0 | AG102: =IF(AD102-AE102<0,ABS(AD102-AE102),0) -> 0 | AH102: N/A | AI102: N/A | AJ102: Yes | AK102: Quarterly | AL102: 2025-08-06 | AM102: INV-1049 | AN102: 120833.33 | AO102: Net 45 | AP102: 120833.33 | AQ102: =AD102-AP102 -> 0
A103: OPP-10076 | B103: LIC-MC-2026-160 | C103: Maricopa County Department of Public Health (AZ) | D103: County Government | E103: EHR Platform License | F103: Closed Won | G103: New Business - License | H103: Yes | I103: 1200000 | K103: 100 | L103: 2025-08-09 | M103: 2025-09-01 | N103: 2028-09-30 | O103: =DATEDIF(M103,N103,"m") -> 36 | P103: K. Whitfield | Q103: Closed | R103: Referral | T103: 2025-06-08 | U103: 2025-08-09 | V103: ="FY"&YEAR(M103) -> FY2025 | W103: ="FY"&YEAR(N103) -> FY2028 | X103: License | Y103: Ratable - Straight Line | Z103: Quarterly in Advance | AD103: 100000 | AE103: 66666.67 | AF103: =IF(AD103-AE103>0,AD103-AE103,0) -> 33333.33 | AG103: =IF(AD103-AE103<0,ABS(AD103-AE103),0) -> 0 | AH103: N/A | AI103: N/A | AJ103: Yes | AK103: Quarterly | AL103: 2025-09-09 | AM103: INV-1039 | AN103: 100000 | AO103: Net 45 | AP103: 80000 | AQ103: =AD103-AP103 -> 20000
A104: OPP-10092 | B104: GRT-2026-8009 | C104: Kresge Foundation | D104: Foundation | E104: School Health Records Integration - New Development | F104: Closed Won | G104: New Business - Grant | H104: Yes | I104: 850000 | J104: 606960.16 | K104: 100 | L104: 2025-08-06 | M104: 2025-09-01 | N104: 2028-09-30 | O104: =DATEDIF(M104,N104,"m") -> 36 | P104: K. Whitfield | Q104: Closed | R104: Existing Relationship | T104: 2025-04-07 | U104: 2025-08-06 | V104: ="FY"&YEAR(M104) -> FY2025 | W104: ="FY"&YEAR(N104) -> FY2028 | X104: Development | Y104: Percentage of Completion | Z104: Billed per milestone completion | AC104: 3034.8 | AD104: 212500 | AE104: 4250 | AF104: =IF(AD104-AE104>0,AD104-AE104,0) -> 208250 | AG104: =IF(AD104-AE104<0,ABS(AD104-AE104),0) -> 0 | AH104: 3.42 | AI104: Cost-to-Cost | AJ104: No | AK104: Draw Request | AN104: 0 | AO104: Per Grant Agreement | AP104: 212500 | AQ104: =AD104-AP104 -> 0
A105: OPP-10090 | B105: GRT-2026-6028 | C105: The California Endowment | D105: Foundation | E105: Maternal Health Registry - New Development | F105: Closed Won | G105: Expansion - Grant | H105: Yes | I105: 220000 | J105: 153156.29 | K105: 100 | L105: 2025-09-25 | M105: 2025-10-01 | N105: 2028-10-31 | O105: =DATEDIF(M105,N105,"m") -> 36 | P105: M. Torres | Q105: Closed | R105: Existing Relationship | T105: 2025-04-10 | U105: 2025-09-25 | V105: ="FY"&YEAR(M105) -> FY2025 | W105: ="FY"&YEAR(N105) -> FY2028 | X105: Development | Y105: Percentage of Completion | Z105: Billed per milestone completion | AC105: 765.78 | AD105: 55000 | AE105: 1100 | AF105: =IF(AD105-AE105>0,AD105-AE105,0) -> 53900 | AG105: =IF(AD105-AE105<0,ABS(AD105-AE105),0) -> 0 | AH105: 2.27 | AI105: Cost-to-Cost | AJ105: No | AK105: Draw Request | AN105: 0 | AO105: Per Grant Agreement | AP105: 55000 | AQ105: =AD105-AP105 -> 0
A106: OPP-10085 | B106: LIC-OD-2026-775 | C106: Ohio Department of Health | D106: State Government | E106: EHR Platform License | F106: Closed Won | G106: New Business - License | H106: Yes | I106: 210000 | K106: 100 | L106: 2025-10-12 | M106: 2025-11-01 | N106: 2028-11-30 | O106: =DATEDIF(M106,N106,"m") -> 36 | P106: S. Park | Q106: Closed | R106: Partner Referral | T106: 2025-07-03 | U106: 2025-10-12 | V106: ="FY"&YEAR(M106) -> FY2025 | W106: ="FY"&YEAR(N106) -> FY2028 | X106: License | Y106: Ratable - Straight Line | Z106: Quarterly in Advance | AD106: 17500 | AE106: 0 | AF106: =IF(AD106-AE106>0,AD106-AE106,0) -> 17500 | AG106: =IF(AD106-AE106<0,ABS(AD106-AE106),0) -> 0 | AH106: N/A | AI106: N/A | AJ106: Yes | AK106: Quarterly | AL106: 2025-11-12 | AM106: INV-1048 | AN106: 17500 | AO106: Net 45 | AP106: 17500 | AQ106: =AD106-AP106 -> 0
A107: OPP-10006 | B107: LIC-ID-2024-686 | C107: Illinois Department of Public Health | D107: State Government | E107: EHR License - County Deployment | F107: Closed Won | G107: Renewal - License | H107: Yes | I107: 2100000 | K107: 100 | L107: 2024-01-23 | M107: 2024-02-01 | N107: 2029-02-28 | O107: =DATEDIF(M107,N107,"m") -> 60 | P107: R. Chen | Q107: Closed | R107: Partner Referral | T107: 2023-10-27 | U107: 2024-01-23 | V107: ="FY"&YEAR(M107) -> FY2024 | W107: ="FY"&YEAR(N107) -> FY2029 | X107: License | Y107: Ratable - Straight Line | Z107: Annual in Advance | AD107: 840000 | AE107: 735000 | AF107: =IF(AD107-AE107>0,AD107-AE107,0) -> 105000 | AG107: =IF(AD107-AE107<0,ABS(AD107-AE107),0) -> 0 | AH107: N/A | AI107: N/A | AJ107: Yes | AK107: Annual | AL107: 2025-02-23 | AM107: INV-1006 | AN107: 420000 | AO107: Net 45 | AP107: 672000 | AQ107: =AD107-AP107 -> 168000
A108: OPP-10008 | B108: LIC-CD-2024-582 | C108: Colorado Department of Public Health and Environment | D108: State Government | E108: EHR License - Multi-Site Expansion | F108: Closed Won | G108: New Business - License | H108: Yes | I108: 1200000 | K108: 100 | L108: 2024-03-15 | M108: 2024-04-01 | N108: 2029-04-30 | O108: =DATEDIF(M108,N108,"m") -> 60 | P108: R. Chen | Q108: Closed | R108: RFP Response | T108: 2023-10-24 | U108: 2024-03-15 | V108: ="FY"&YEAR(M108) -> FY2024 | W108: ="FY"&YEAR(N108) -> FY2029 | X108: License | Y108: Ratable - Straight Line | Z108: Annual in Advance | AD108: 480000 | AE108: 380000 | AF108: =IF(AD108-AE108>0,AD108-AE108,0) -> 100000 | AG108: =IF(AD108-AE108<0,ABS(AD108-AE108),0) -> 0 | AH108: N/A | AI108: N/A | AJ108: Yes | AK108: Annual | AL108: 2025-04-15 | AM108: INV-1008 | AN108: 240000 | AO108: Net 45 | AP108: 480000 | AQ108: =AD108-AP108 -> 0
A109: OPP-10004 | B109: LIC-MC-2024-857 | C109: Maricopa County Department of Public Health (AZ) | D109: County Government | E109: EHR License Renewal | F109: Closed Won | G109: Renewal - License | H109: Yes | I109: 210000 | K109: 100 | L109: 2024-06-25 | M109: 2024-07-01 | N109: 2029-07-31 | O109: =DATEDIF(M109,N109,"m") -> 60 | P109: J. Alvarez | Q109: Closed | R109: Referral | T109: 2024-01-27 | U109: 2024-06-25 | V109: ="FY"&YEAR(M109) -> FY2024 | W109: ="FY"&YEAR(N109) -> FY2029 | X109: License | Y109: Ratable - Straight Line | Z109: Annual in Advance | AD109: 84000 | AE109: 56000 | AF109: =IF(AD109-AE109>0,AD109-AE109,0) -> 28000 | AG109: =IF(AD109-AE109<0,ABS(AD109-AE109),0) -> 0 | AH109: N/A | AI109: N/A | AJ109: Yes | AK109: Annual | AL109: 2025-07-25 | AM109: INV-1004 | AN109: 42000 | AO109: Net 45 | AP109: 84000 | AQ109: =AD109-AP109 -> 0
A110: OPP-10012 | B110: LIC-OD-2024-618 | C110: Ohio Department of Health | D110: State Government | E110: EHR Platform License - Regional Deployment | F110: Closed Won | G110: New Business - License | H110: Yes | I110: 850000 | K110: 100 | L110: 2024-06-08 | M110: 2024-07-01 | N110: 2029-07-31 | O110: =DATEDIF(M110,N110,"m") -> 60 | P110: K. Whitfield | Q110: Closed | R110: Existing Customer | T110: 2024-02-07 | U110: 2024-06-08 | V110: ="FY"&YEAR(M110) -> FY2024 | W110: ="FY"&YEAR(N110) -> FY2029 | X110: License | Y110: Ratable - Straight Line | Z110: Semi-Annual in Advance | AD110: 255000 | AE110: 226666.67 | AF110: =IF(AD110-AE110>0,AD110-AE110,0) -> 28333.33 | AG110: =IF(AD110-AE110<0,ABS(AD110-AE110),0) -> 0 | AH110: N/A | AI110: N/A | AJ110: Yes | AK110: Semi-Annual | AL110: 2025-07-08 | AM110: INV-1012 | AN110: 85000 | AO110: Net 45 | AP110: 255000 | AQ110: =AD110-AP110 -> 0
A111: OPP-10040 | B111: LIC-CD-2025-293 | C111: Colorado Department of Public Health and Environment | D111: State Government | E111: EHR Platform License - Regional Deployment | F111: Closed Won | G111: Renewal - License | H111: Yes | I111: 1450000 | K111: 100 | L111: 2024-07-27 | M111: 2024-08-01 | N111: 2029-08-31 | O111: =DATEDIF(M111,N111,"m") -> 60 | P111: K. Whitfield | Q111: Closed | R111: Existing Relationship | T111: 2024-03-23 | U111: 2024-07-27 | V111: ="FY"&YEAR(M111) -> FY2024 | W111: ="FY"&YEAR(N111) -> FY2029 | X111: License | Y111: Ratable - Straight Line | Z111: Annual in Advance | AD111: 580000 | AE111: 362500 | AF111: =IF(AD111-AE111>0,AD111-AE111,0) -> 217500 | AG111: =IF(AD111-AE111<0,ABS(AD111-AE111),0) -> 0 | AH111: N/A | AI111: N/A | AJ111: Yes | AK111: Annual | AL111: 2025-08-27 | AM111: INV-1023 | AN111: 290000 | AO111: Net 45 | AP111: 464000 | AQ111: =AD111-AP111 -> 116000
A112: OPP-10039 | B112: LIC-DP-2025-948 | C112: Denver Public Health (CO) | D112: County Government | E112: EHR Platform License - Statewide Rollout | F112: Closed Won | G112: New Business - License | H112: Yes | I112: 185000 | K112: 100 | L112: 2024-10-27 | M112: 2024-11-01 | N112: 2029-11-30 | O112: =DATEDIF(M112,N112,"m") -> 60 | P112: M. Torres | Q112: Closed | R112: RFP Response | T112: 2024-08-06 | U112: 2024-10-27 | V112: ="FY"&YEAR(M112) -> FY2024 | W112: ="FY"&YEAR(N112) -> FY2029 | X112: License | Y112: Ratable - Straight Line | Z112: Annual in Advance | AD112: 37000 | AE112: 37000 | AF112: =IF(AD112-AE112>0,AD112-AE112,0) -> 0 | AG112: =IF(AD112-AE112<0,ABS(AD112-AE112),0) -> 0 | AH112: N/A | AI112: N/A | AJ112: Yes | AK112: Annual | AL112: 2024-11-27 | AM112: INV-1022 | AN112: 37000 | AO112: Net 45 | AP112: 37000 | AQ112: =AD112-AP112 -> 0
A113: OPP-10038 | B113: LIC-FC-2025-650 | C113: Fulton County Board of Health (GA) | D113: County Government | E113: EHR Platform License | F113: Closed Won | G113: New Business - License | H113: Yes | I113: 1200000 | K113: 100 | L113: 2024-12-31 | M113: 2025-01-01 | N113: 2029-01-31 | O113: =DATEDIF(M113,N113,"m") -> 48 | P113: S. Park | Q113: Closed | R113: RFP Response | T113: 2024-09-11 | U113: 2024-12-31 | V113: ="FY"&YEAR(M113) -> FY2025 | W113: ="FY"&YEAR(N113) -> FY2029 | X113: License | Y113: Ratable - Straight Line | Z113: Quarterly in Advance | AD113: 300000 | AE113: 250000 | AF113: =IF(AD113-AE113>0,AD113-AE113,0) -> 50000 | AG113: =IF(AD113-AE113<0,ABS(AD113-AE113),0) -> 0 | AH113: N/A | AI113: N/A | AJ113: Yes | AK113: Quarterly | AL113: 2025-10-31 | AM113: INV-1021 | AN113: 75000 | AO113: Net 45 | AP113: 300000 | AQ113: =AD113-AP113 -> 0
...

Sheet Construction in Progress - 1400
A1: Software, Construction in Progress (Account 1400) | D1: 2025-11-30
A2: ="As of "&TEXT(D1,"Mmmmmm")&" "&TEXT(D1,"dd")&", "&TEXT(D1,"YYYY")&"." -> As of November 30, 2025.
A3: Costs incurred to date for development projects not yet complete. Total Estimated Cost and Costs Incurred to Date drive the cost-to-cost percentage of completion used for revenue recognition on the corresponding grant contract. Once a project reaches 100% complete, its accumulated cost moves to the Capitalized Software tab and out of this account.
A5: Contract Number | B5: Product Name | C5: Funder | D5: Contract Amount | E5: Total Estimated Cost | F5: Costs Incurred to Date | G5: % Complete | H5: Contract Start Date | I5: Est. Contract End Date
A6: GRT-2024-3590 | B6: Community Health Worker Mobile App | C6: Robert Wood Johnson Foundation | D6: =INDEX('Contract Master List'!$A:$AQ,MATCH($A6,'Contract Master List'!$B:$B,0),MATCH(D$5,'Contract Master List'!$A$1:$AQ$1,0)) -> 420000 | E6: =INDEX('Contract Master List'!$A:$AQ,MATCH($A6,'Contract Master List'!$B:$B,0),MATCH(E$5,'Contract Master List'!$A$1:$AQ$1,0)) -> 274842.5 | F6: =INDEX('Contract Master List'!$A:$AQ,MATCH($A6,'Contract Master List'!$B:$B,0),MATCH(F$5,'Contract Master List'!$A$1:$AQ$1,0)) -> 253624.66 | G6: =F6/E6 -> 0.9228 | H6: =INDEX('Contract Master List'!$A:$AQ,MATCH($A6,'Contract Master List'!$B:$B,0),MATCH(H$5,'Contract Master List'!$A$1:$AQ$1,0)) -> 2024-06-01 | I6: =INDEX('Contract Master List'!$A:$AQ,MATCH($A6,'Contract Master List'!$B:$B,0),MATCH("Contract End Date",'Contract Master List'!$A$1:$AQ$1,0)) -> 2025-12-31
A7: GRT-2024-6563 | B7: Social Determinants of Health Module | C7: Susan and Michael Dell Foundation | D7: =INDEX('Contract Master List'!$A:$AQ,MATCH($A7,'Contract Master List'!$B:$B,0),MATCH(D$5,'Contract Master List'!$A$1:$AQ$1,0)) -> 420000 | E7: =INDEX('Contract Master List'!$A:$AQ,MATCH($A7,'Contract Master List'!$B:$B,0),MATCH(E$5,'Contract Master List'!$A$1:$AQ$1,0)) -> 270454.21 | F7: =INDEX('Contract Master List'!$A:$AQ,MATCH($A7,'Contract Master List'!$B:$B,0),MATCH(F$5,'Contract Master List'!$A$1:$AQ$1,0)) -> 166058.88 | G7: =F7/E7 -> 0.61399998 | H7: =INDEX('Contract Master List'!$A:$AQ,MATCH($A7,'Contract Master List'!$B:$B,0),MATCH(H$5,'Contract Master List'!$A$1:$AQ$1,0)) -> 2023-11-01 | I7: =INDEX('Contract Master List'!$A:$AQ,MATCH($A7,'Contract Master List'!$B:$B,0),MATCH("Contract End Date",'Contract Master List'!$A$1:$AQ$1,0)) -> 2026-11-30
A8: GRT-2024-8146 | B8: Social Determinants of Health Module | C8: Commonwealth Fund | D8: =INDEX('Contract Master List'!$A:$AQ,MATCH($A8,'Contract Master List'!$B:$B,0),MATCH(D$5,'Contract Master List'!$A$1:$AQ$1,0)) -> 1200000 | E8: =INDEX('Contract Master List'!$A:$AQ,MATCH($A8,'Contract Master List'!$B:$B,0),MATCH(E$5,'Contract Master List'!$A$1:$AQ$1,0)) -> 848474.43 | F8: =INDEX('Contract Master List'!$A:$AQ,MATCH($A8,'Contract Master List'!$B:$B,0),MATCH(F$5,'Contract Master List'!$A$1:$AQ$1,0)) -> 715942.72 | G8: =F8/E8 -> 0.8438 | H8: =INDEX('Contract Master List'!$A:$AQ,MATCH($A8,'Contract Master List'!$B:$B,0),MATCH(H$5,'Contract Master List'!$A$1:$AQ$1,0)) -> 2024-01-01 | I8: =INDEX('Contract Master List'!$A:$AQ,MATCH($A8,'Contract Master List'!$B:$B,0),MATCH("Contract End Date",'Contract Master List'!$A$1:$AQ$1,0)) -> 2026-01-31
A9: GRT-2024-2291 | B9: Community Health Worker Mobile App | C9: Commonwealth Fund | D9: =INDEX('Contract Master List'!$A:$AQ,MATCH($A9,'Contract Master List'!$B:$B,0),MATCH(D$5,'Contract Master List'!$A$1:$AQ$1,0)) -> 150000 | E9: =INDEX('Contract Master List'!$A:$AQ,MATCH($A9,'Contract Master List'!$B:$B,0),MATCH(E$5,'Contract Master List'!$A$1:$AQ$1,0)) -> 107496.18 | F9: =INDEX('Contract Master List'!$A:$AQ,MATCH($A9,'Contract Master List'!$B:$B,0),MATCH(F$5,'Contract Master List'!$A$1:$AQ$1,0)) -> 78257.22 | G9: =F9/E9 -> 0.72800001 | H9: =INDEX('Contract Master List'!$A:$AQ,MATCH($A9,'Contract Master List'!$B:$B,0),MATCH(H$5,'Contract Master List'!$A$1:$AQ$1,0)) -> 2024-05-01 | I9: =INDEX('Contract Master List'!$A:$AQ,MATCH($A9,'Contract Master List'!$B:$B,0),MATCH("Contract End Date",'Contract Master List'!$A$1:$AQ$1,0)) -> 2026-05-31
A10: GRT-2024-5176 | B10: Social Determinants of Health Module | C10: Kresge Foundation | D10: =INDEX('Contract Master List'!$A:$AQ,MATCH($A10,'Contract Master List'!$B:$B,0),MATCH(D$5,'Contract Master List'!$A$1:$AQ$1,0)) -> 850000 | E10: =INDEX('Contract Master List'!$A:$AQ,MATCH($A10,'Contract Master List'!$B:$B,0),MATCH(E$5,'Contract Master List'!$A$1:$AQ$1,0)) -> 585997.51 | F10: =INDEX('Contract Master List'!$A:$AQ,MATCH($A10,'Contract Master List'!$B:$B,0),MATCH(F$5,'Contract Master List'!$A$1:$AQ$1,0)) -> 356755.28 | G10: =F10/E10 -> 0.60879999 | H10: =INDEX('Contract Master List'!$A:$AQ,MATCH($A10,'Contract Master List'!$B:$B,0),MATCH(H$5,'Contract Master List'!$A$1:$AQ$1,0)) -> 2024-07-01 | I10: =INDEX('Contract Master List'!$A:$AQ,MATCH($A10,'Contract Master List'!$B:$B,0),MATCH("Contract End Date",'Contract Master List'!$A$1:$AQ$1,0)) -> 2026-07-31
A11: GRT-2025-9598 | B11: Immunization Tracking Extension | C11: Susan and Michael Dell Foundation | D11: =INDEX('Contract Master List'!$A:$AQ,MATCH($A11,'Contract Master List'!$B:$B,0),MATCH(D$5,'Contract Master List'!$A$1:$AQ$1,0)) -> 420000 | E11: =INDEX('Contract Master List'!$A:$AQ,MATCH($A11,'Contract Master List'!$B:$B,0),MATCH(E$5,'Contract Master List'!$A$1:$AQ$1,0)) -> 284808.52 | F11: =INDEX('Contract Master List'!$A:$AQ,MATCH($A11,'Contract Master List'!$B:$B,0),MATCH(F$5,'Contract Master List'!$A$1:$AQ$1,0)) -> 193612.83 | G11: =F11/E11 -> 0.67979999 | H11: =INDEX('Contract Master List'!$A:$AQ,MATCH($A11,'Contract Master List'!$B:$B,0),MATCH(H$5,'Contract Master List'!$A$1:$AQ$1,0)) -> 2024-08-01 | I11: =INDEX('Contract Master List'!$A:$AQ,MATCH($A11,'Contract Master List'!$B:$B,0),MATCH("Contract End Date",'Contract Master List'!$A$1:$AQ$1,0)) -> 2026-07-31
A12: GRT-2025-5752 | B12: Behavioral Health Data Exchange | C12: Susan and Michael Dell Foundation | D12: =INDEX('Contract Master List'!$A:$AQ,MATCH($A12,'Contract Master List'!$B:$B,0),MATCH(D$5,'Contract Master List'!$A$1:$AQ$1,0)) -> 850000 | E12: =INDEX('Contract Master List'!$A:$AQ,MATCH($A12,'Contract Master List'!$B:$B,0),MATCH(E$5,'Contract Master List'!$A$1:$AQ$1,0)) -> 559279.37 | F12: =INDEX('Contract Master List'!$A:$AQ,MATCH($A12,'Contract Master List'!$B:$B,0),MATCH(F$5,'Contract Master List'!$A$1:$AQ$1,0)) -> 348766.62 | G12: =F12/E12 -> 0.62360001 | H12: =INDEX('Contract Master List'!$A:$AQ,MATCH($A12,'Contract Master List'!$B:$B,0),MATCH(H$5,'Contract Master List'!$A$1:$AQ$1,0)) -> 2024-08-01 | I12: =INDEX('Contract Master List'!$A:$AQ,MATCH($A12,'Contract Master List'!$B:$B,0),MATCH("Contract End Date",'Contract Master List'!$A$1:$AQ$1,0)) -> 2026-08-31
A13: GRT-2025-3112 | B13: Immunization Tracking Extension | C13: Susan and Michael Dell Foundation | D13: =INDEX('Contract Master List'!$A:$AQ,MATCH($A13,'Contract Master List'!$B:$B,0),MATCH(D$5,'Contract Master List'!$A$1:$AQ$1,0)) -> 850000 | E13: =INDEX('Contract Master List'!$A:$AQ,MATCH($A13,'Contract Master List'!$B:$B,0),MATCH(E$5,'Contract Master List'!$A$1:$AQ$1,0)) -> 590016.53 | F13: =INDEX('Contract Master List'!$A:$AQ,MATCH($A13,'Contract Master List'!$B:$B,0),MATCH(F$5,'Contract Master List'!$A$1:$AQ$1,0)) -> 282145.9 | G13: =F13/E13 -> 0.47819999 | H13: =INDEX('Contract Master List'!$A:$AQ,MATCH($A13,'Contract Master List'!$B:$B,0),MATCH(H$5,'Contract Master List'!$A$1:$AQ$1,0)) -> 2024-10-01 | I13: =INDEX('Contract Master List'!$A:$AQ,MATCH($A13,'Contract Master List'!$B:$B,0),MATCH("Contract End Date",'Contract Master List'!$A$1:$AQ$1,0)) -> 2026-10-31
A14: GRT-2025-8202 | B14: Social Determinants of Health Module | C14: Commonwealth Fund | D14: =INDEX('Contract Master List'!$A:$AQ,MATCH($A14,'Contract Master List'!$B:$B,0),MATCH(D$5,'Contract Master List'!$A$1:$AQ$1,0)) -> 420000 | E14: =INDEX('Contract Master List'!$A:$AQ,MATCH($A14,'Contract Master List'!$B:$B,0),MATCH(E$5,'Contract Master List'!$A$1:$AQ$1,0)) -> 282528.69 | F14: =INDEX('Contract Master List'!$A:$AQ,MATCH($A14,'Contract Master List'!$B:$B,0),MATCH(F$5,'Contract Master List'!$A$1:$AQ$1,0)) -> 150644.3 | G14: =F14/E14 -> 0.53320001 | H14: =INDEX('Contract Master List'!$A:$AQ,MATCH($A14,'Contract Master List'!$B:$B,0),MATCH(H$5,'Contract Master List'!$A$1:$AQ$1,0)) -> 2025-06-01 | I14: =INDEX('Contract Master List'!$A:$AQ,MATCH($A14,'Contract Master List'!$B:$B,0),MATCH("Contract End Date",'Contract Master List'!$A$1:$AQ$1,0)) -> 2026-06-30
A15: GRT-2025-3096 | B15: EHR Interoperability Module | C15: Commonwealth Fund | D15: =INDEX('Contract Master List'!$A:$AQ,MATCH($A15,'Contract Master List'!$B:$B,0),MATCH(D$5,'Contract Master List'!$A$1:$AQ$1,0)) -> 420000 | E15: =INDEX('Contract Master List'!$A:$AQ,MATCH($A15,'Contract Master List'!$B:$B,0),MATCH(E$5,'Contract Master List'!$A$1:$AQ$1,0)) -> 270604.72 | F15: =INDEX('Contract Master List'!$A:$AQ,MATCH($A15,'Contract Master List'!$B:$B,0),MATCH(F$5,'Contract Master List'!$A$1:$AQ$1,0)) -> 105156.99 | G15: =F15/E15 -> 0.38859998 | H15: =INDEX('Contract Master List'!$A:$AQ,MATCH($A15,'Contract Master List'!$B:$B,0),MATCH(H$5,'Contract Master List'!$A$1:$AQ$1,0)) -> 2025-03-01 | I15: =INDEX('Contract Master List'!$A:$AQ,MATCH($A15,'Contract Master List'!$B:$B,0),MATCH("Contract End Date",'Contract Master List'!$A$1:$AQ$1,0)) -> 2026-09-30
A16: GRT-2026-2620 | B16: Immunization Tracking Extension | C16: Bill & Melinda Gates Foundation | D16: =INDEX('Contract Master List'!$A:$AQ,MATCH($A16,'Contract Master List'!$B:$B,0),MATCH(D$5,'Contract Master List'!$A$1:$AQ$1,0)) -> 1200000 | E16: =INDEX('Contract Master List'!$A:$AQ,MATCH($A16,'Contract Master List'!$B:$B,0),MATCH(E$5,'Contract Master List'!$A$1:$AQ$1,0)) -> 856451.43 | F16: =INDEX('Contract Master List'!$A:$AQ,MATCH($A16,'Contract Master List'!$B:$B,0),MATCH(F$5,'Contract Master List'!$A$1:$AQ$1,0)) -> 53099.99 | G16: =F16/E16 -> 0.062000002 | H16: =INDEX('Contract Master List'!$A:$AQ,MATCH($A16,'Contract Master List'!$B:$B,0),MATCH(H$5,'Contract Master List'!$A$1:$AQ$1,0)) -> 2025-10-01 | I16: =INDEX('Contract Master List'!$A:$AQ,MATCH($A16,'Contract Master List'!$B:$B,0),MATCH("Contract End Date",'Contract Master List'!$A$1:$AQ$1,0)) -> 2026-10-31
A17: GRT-2025-2807 | B17: Rural Clinic Data Platform | C17: Bill & Melinda Gates Foundation | D17: =INDEX('Contract Master List'!$A:$AQ,MATCH($A17,'Contract Master List'!$B:$B,0),MATCH(D$5,'Contract Master List'!$A$1:$AQ$1,0)) -> 310000 | E17: =INDEX('Contract Master List'!$A:$AQ,MATCH($A17,'Contract Master List'!$B:$B,0),MATCH(E$5,'Contract Master List'!$A$1:$AQ$1,0)) -> 200247.26 | F17: =INDEX('Contract Master List'!$A:$AQ,MATCH($A17,'Contract Master List'!$B:$B,0),MATCH(F$5,'Contract Master List'!$A$1:$AQ$1,0)) -> 83002.49 | G17: =F17/E17 -> 0.4145 | H17: =INDEX('Contract Master List'!$A:$AQ,MATCH($A17,'Contract Master List'!$B:$B,0),MATCH(H$5,'Contract Master List'!$A$1:$AQ$1,0)) -> 2024-08-01 | I17: =INDEX('Contract Master List'!$A:$AQ,MATCH($A17,'Contract Master List'!$B:$B,0),MATCH("Contract End Date",'Contract Master List'!$A$1:$AQ$1,0)) -> 2027-08-31
... A28: GRT-2026-6028 | B28: Maternal Health Registry | C28: The California Endowment | D28: =INDEX('Contract Master List'!$A:$AQ,MATCH($A28,'Contract Master List'!$B:$B,0),MATCH(D$5,'Contract Master List'!$A$1:$AQ$1,0)) -> 220000 | E28: =INDEX('Contract Master List'!$A:$AQ,MATCH($A28,'Contract Master List'!$B:$B,0),MATCH(E$5,'Contract Master List'!$A$1:$AQ$1,0)) -> 153156.29 | F28: =INDEX('Contract Master List'!$A:$AQ,MATCH($A28,'Contract Master List'!$B:$B,0),MATCH(F$5,'Contract Master List'!$A$1:$AQ$1,0)) -> 765.78 | G28: =F28/E28 -> 0.0049999905 | H28: =INDEX('Contract Master List'!$A:$AQ,MATCH($A28,'Contract Master List'!$B:$B,0),MATCH(H$5,'Contract Master List'!$A$1:$AQ$1,0)) -> 2025-10-01 | I28: =INDEX('Contract Master List'!$A:$AQ,MATCH($A28,'Contract Master List'!$B:$B,0),MATCH("Contract End Date",'Contract Master List'!$A$1:$AQ$1,0)) -> 2028-10-31
B29: Total - Ending Balance, Account 1400 | F29: =SUM(F6:F28) -> 2990668.4

Sheet Capitalized Software - 1410
A1: Capitalized Software (Account 1410) | D1: 2025-11-30
A2: ="As of "&TEXT(D1,"Mmmmmm")&" "&TEXT(D1,"dd")&", "&TEXT(D1,"YYYY")&"." -> As of November 30, 2025.
A3: Development projects that reached 100% completion. Capitalized Cost equals the project's final Costs Incurred to Date from the Construction in Progress tab -- moved here upon completion. In-Service Date is the date the software was placed into service, which begins straight-line amortization on the Depreciation Schedule tab (5-year useful life).
A5: Contract Number | B5: Product Name | C5: Funder | D5: Contract Amount | E5: Capitalized Cost | F5: In-Service Date | G5: Useful Life (Years) | H5: Source
A6: GRT-2024-2172 | B6: Maternal Health Registry | C6: Susan and Michael Dell Foundation | D6: =INDEX('Contract Master List'!$A:$AQ,MATCH($A6,'Contract Master List'!$B:$B,0),MATCH(D$5,'Contract Master List'!$A$1:$AQ$1,0)) -> 850000 | E6: =INDEX('Contract Master List'!$A:$AQ,MATCH('Capitalized Software - 1410'!$A6,'Contract Master List'!$B:$B,0),MATCH("Costs Incurred to Date",'Contract Master List'!$A$1:$AQ$1,0)) -> 591964.01 | F6: 2024-09-04 | G6: 5 | H6: Moved from Construction in Progress upon completion
A7: GRT-2024-1802 | B7: Immunization Tracking Extension | C7: Kresge Foundation | D7: =INDEX('Contract Master List'!$A:$AQ,MATCH('Capitalized Software - 1410'!$A7,'Contract Master List'!$B:$B,0),MATCH('Capitalized Software - 1410'!D$5,'Contract Master List'!$A$1:$AQ$1,0)) -> 220000 | E7: =INDEX('Contract Master List'!$A:$AQ,MATCH('Capitalized Software - 1410'!$A7,'Contract Master List'!$B:$B,0),MATCH("Costs Incurred to Date",'Contract Master List'!$A$1:$AQ$1,0)) -> 155457.3 | F7: 2025-03-21 | G7: 5 | H7: Moved from Construction in Progress upon completion
A8: GRT-2024-7630 | B8: School Health Records Integration | C8: Susan and Michael Dell Foundation | D8: =INDEX('Contract Master List'!$A:$AQ,MATCH('Capitalized Software - 1410'!$A8,'Contract Master List'!$B:$B,0),MATCH('Capitalized Software - 1410'!D$5,'Contract Master List'!$A$1:$AQ$1,0)) -> 220000 | E8: =INDEX('Contract Master List'!$A:$AQ,MATCH('Capitalized Software - 1410'!$A8,'Contract Master List'!$B:$B,0),MATCH("Costs Incurred to Date",'Contract Master List'!$A$1:$AQ$1,0)) -> 158330.34 | F8: 2025-08-24 | G8: 5 | H8: Moved from Construction in Progress upon completion
A9: GRT-2024-5287 | B9: Behavioral Health Data Exchange | C9: Susan and Michael Dell Foundation | D9: =INDEX('Contract Master List'!$A:$AQ,MATCH('Capitalized Software - 1410'!$A9,'Contract Master List'!$B:$B,0),MATCH('Capitalized Software - 1410'!D$5,'Contract Master List'!$A$1:$AQ$1,0)) -> 220000 | E9: =INDEX('Contract Master List'!$A:$AQ,MATCH('Capitalized Software - 1410'!$A9,'Contract Master List'!$B:$B,0),MATCH("Costs Incurred to Date",'Contract Master List'!$A$1:$AQ$1,0)) -> 141817.21 | F9: 2025-08-16 | G9: 5 | H9: Moved from Construction in Progress upon completion
A10: GRT-2024-3636 | B10: Community Health Worker Mobile App | C10: Kresge Foundation | D10: =INDEX('Contract Master List'!$A:$AQ,MATCH('Capitalized Software - 1410'!$A10,'Contract Master List'!$B:$B,0),MATCH('Capitalized Software - 1410'!D$5,'Contract Master List'!$A$1:$AQ$1,0)) -> 220000 | E10: =INDEX('Contract Master List'!$A:$AQ,MATCH('Capitalized Software - 1410'!$A10,'Contract Master List'!$B:$B,0),MATCH("Costs Incurred to Date",'Contract Master List'!$A$1:$AQ$1,0)) -> 152216.29 | F10: 2025-05-25 | G10: 5 | H10: Moved from Construction in Progress upon completion
A11: GRT-2025-2752 | B11: Community Health Worker Mobile App | C11: The California Endowment | D11: =INDEX('Contract Master List'!$A:$AQ,MATCH('Capitalized Software - 1410'!$A11,'Contract Master List'!$B:$B,0),MATCH('Capitalized Software - 1410'!D$5,'Contract Master List'!$A$1:$AQ$1,0)) -> 420000 | E11: =INDEX('Contract Master List'!$A:$AQ,MATCH('Capitalized Software - 1410'!$A11,'Contract Master List'!$B:$B,0),MATCH("Costs Incurred to Date",'Contract Master List'!$A$1:$AQ$1,0)) -> 291931.94 | F11: 2025-10-04 | G11: 5 | H11: Moved from Construction in Progress upon completion
B12: Total - Ending Balance, Account 1410 | E12: =SUM(E6:E11) -> 1491717.1

Sheet Software Depreciation - 1420
A1: Capitalized Software Amortization Schedule (Account 1420) | D1: 2025-11-30
A2: Straight-Line, 5-Year Useful Life
A3: ="Annual amortization = Capitalized Cost / 5 years, straight-line from the In-Service Date (pulled from the Capitalized Software tab). Accumulated Amortization and Net Book Value are shown as of "&TEXT(D1,"Mmmmmm")&" "&TEXT(D1,"dd")&", "&TEXT(D1,"YYYY")&"." -> Annual amortization = Capitalized Cost / 5 years, straight-line from the In-Service Date (pulled from the Capitalized Software tab). Accumulated Amortization and Net Book Value are shown as of November 30, 2025.
A5: Contract Number | B5: Product Name | C5: Capitalized Cost | D5: Useful Life (Years) | E5: In-Service Date | F5: Annual Amortization | G5: Monthly Amortization | H5: Months Elapsed | I5: Accumulated Amortization | J5: Net Book Value
A6: ='Capitalized Software - 1410'!A6 -> GRT-2024-2172 | B6: ='Capitalized Software - 1410'!B6 -> Maternal Health Registry | C6: ='Capitalized Software - 1410'!E6 -> 591964.01 | D6: ='Capitalized Software - 1410'!G6 -> 5 | E6: 2024-09-30 | F6: =C6/D6 -> 118392.8 | G6: =F6/12 -> 9866.0668 | H6: =(YEAR($D$1)-YEAR(E6))*12+(MONTH($D$1)-MONTH(E6)) -> 14 | I6: =MIN(H6,D6*12)*G6 -> 138124.94 | J6: =C6-I6 -> 453839.07
A7: ='Capitalized Software - 1410'!A7 -> GRT-2024-1802 | B7: ='Capitalized Software - 1410'!B7 -> Immunization Tracking Extension | C7: ='Capitalized Software - 1410'!E7 -> 155457.3 | D7: ='Capitalized Software - 1410'!G7 -> 5 | E7: 2025-03-31 | F7: =C7/D7 -> 31091.46 | G7: =F7/12 -> 2590.955 | H7: =(YEAR($D$1)-YEAR(E7))*12+(MONTH($D$1)-MONTH(E7)) -> 8 | I7: =MIN(H7,D7*12)*G7 -> 20727.64 | J7: =C7-I7 -> 134729.66
A8: ='Capitalized Software - 1410'!A8 -> GRT-2024-7630 | B8: ='Capitalized Software - 1410'!B8 -> School Health Records Integration | C8: ='Capitalized Software - 1410'!E8 -> 158330.34 | D8: ='Capitalized Software - 1410'!G8 -> 5 | E8: 2025-08-31 | F8: =C8/D8 -> 31666.068 | G8: =F8/12 -> 2638.839 | H8: =(YEAR($D$1)-YEAR(E8))*12+(MONTH($D$1)-MONTH(E8)) -> 3 | I8: =MIN(H8,D8*12)*G8 -> 7916.517 | J8: =C8-I8 -> 150413.82
A9: ='Capitalized Software - 1410'!A9 -> GRT-2024-5287 | B9: ='Capitalized Software - 1410'!B9 -> Behavioral Health Data Exchange | C9: ='Capitalized Software - 1410'!E9 -> 141817.21 | D9: ='Capitalized Software - 1410'!G9 -> 5 | E9: 2025-08-31 | F9: =C9/D9 -> 28363.442 | G9: =F9/12 -> 2363.6202 | H9: =(YEAR($D$1)-YEAR(E9))*12+(MONTH($D$1)-MONTH(E9)) -> 3 | I9: =MIN(H9,D9*12)*G9 -> 7090.8605 | J9: =C9-I9 -> 134726.35
A10: ='Capitalized Software - 1410'!A10 -> GRT-2024-3636 | B10: ='Capitalized Software - 1410'!B10 -> Community Health Worker Mobile App | C10: ='Capitalized Software - 1410'!E10 -> 152216.29 | D10: ='Capitalized Software - 1410'!G10 -> 5 | E10: 2025-05-31 | F10: =C10/D10 -> 30443.258 | G10: =F10/12 -> 2536.9382 | H10: =(YEAR($D$1)-YEAR(E10))*12+(MONTH($D$1)-MONTH(E10)) -> 6 | I10: =MIN(H10,D10*12)*G10 -> 15221.629 | J10: =C10-I10 -> 136994.66
A11: ='Capitalized Software - 1410'!A11 -> GRT-2025-2752 | B11: ='Capitalized Software - 1410'!B11 -> Community Health Worker Mobile App | C11: ='Capitalized Software - 1410'!E11 -> 291931.94 | D11: ='Capitalized Software - 1410'!G11 -> 5 | E11: 2025-10-31 | F11: =C11/D11 -> 58386.388 | G11: =F11/12 -> 4865.5323 | H11: =(YEAR($D$1)-YEAR(E11))*12+(MONTH($D$1)-MONTH(E11)) -> 1 | I11: =MIN(H11,D11*12)*G11 -> 4865.5323 | J11: =C11-I11 -> 287066.41
B12: Total | C12: =SUM(C6:C11) -> 1491717.1 | I12: =SUM(I6:I11) -> 193947.11 | J12: =SUM(J6:J11) -> 1297770
